 Dungeon Crawl Stone Soup version 0.30.0-29-ga12c61a403 (webtiles) character file.

Game seed: 15949668988998038611

306570 qw the Warrior (level 21, -5/144 HPs)
             Began as a Gargoyle Fighter on June 3, 2023.
             Was an Elder of Okawaru.
             Slain by a hellephant (6 damage)
             ... on level 1 of the Depths.
             The game lasted 00:25:23 (44149 turns).

qw the Warrior (Gargoyle Fighter)                  Turns: 44149, Time: 00:25:24

Health: -5/144     AC: 55    Str: 27    XL:     21   Next: 16%
Magic:  24/25      EV: 22    Int: 16    God:    Okawaru [****..]
Gold:   368        SH: 15    Dex: 11    Spells: 20/20 levels left

rFire   + . .        u - +2 broad axe (spect)
rCold   + + .        L - +0 kite shield
rNeg    + . .        x - +4 plate armour {rC+}
rPois   inf          (helmet restricted)
rElec   +            n - +2 cloak {Stlth+}
rCorr   +            t - +2 pair of gloves {Dex+3}
SInv    .            g - +3 pair of seven-league boots {Rampage+∞}
Will    +....        F - amulet of faith Stlth
                     i - +5 ring of evasion
HPRegen 0.44/turn    l - +5 ring of evasion
MPRegen 0.19/turn

%: rampage+inf, faith
@: resistant, heroic, flying
A: sickness immunity, AC +16, big wings, negative energy resistance 1,
electricity resistance, torment resistance 1, petrification resistance, horns 1,
iridescent scales 1, clever 1, low MP 1, MP-powered wands
}: 2/15 runes: barnacled, gossamer
a: Renounce Religion, Heroism, Finesse


You were on level 1 of the Depths.
You worshipped Okawaru.
Okawaru was greatly pleased with you.
You visited 8 branches of the dungeon, and saw 36 of its levels.
You visited 1 bazaar.

You collected 3507 gold pieces.
You spent 3139 gold pieces at shops.


Innate Abilities, Weirdness & Mutations

You are immune to sickness and miasma.
Your stone body is resilient. (AC +16)
You are immune to poison.
Your large and strong wings let you fly.
You resist negative energy. (rN+)
You are resistant to electric shocks. (rElec)
You are resistant to unholy torment.
You are immune to petrification.
You have a pair of small horns on your head.
You are partially covered in iridescent scales. (AC +2)
Your mind is acute. (Int +4, Str/Dex -1)
Your magical capacity is low. (-10% MP)
You expend magic power (3 MP) to strengthen your wands.


   Skills:
 + Level 19.2(24.2) Fighting
 - Level 18.0(23.0) Axes
 - Level 11.0(16.0) Throwing
 - Level 18.3(23.3) Armour
 - Level 7.0(12.0) Dodging
 - Level 17.0(22.0) Shields
 - Level 10.0 Invocations


You had 20 spell levels left.
You didn't know any spells.
Your spell library was empty.

Inventory:

Hand Weapons
 u - a +2 spectral broad axe (weapon)
Missiles
 m - 50 boomerangs
 D - 3 javelins
 J - 2 silver javelins (quivered)
Armour
 a - +0 fire dragon scales
 c - a +2 hat
 g - the +3 pair of seven-league boots (worn) {Rampage+∞}
   (You acquired it on level 7 of the Dungeon)

   Rampage+∞: When moving toward enemies, its wearer moves as far as possible,
   alerting their target en route.
 h - a +2 pair of gloves
 n - a +2 cloak of stealth (worn)
 t - a +2 pair of gloves of dexterity (worn)
 x - a +4 plate armour of cold resistance (worn)
 y - +0 acid dragon scales
 A - the +0 pair of boots "Domi" {rCorr}
   (You found it on level 4 of the Spider Nest)

   rCorr:     It protects you from acid and corrosion.
 B - the +1 hat of the Pits of Slime {Harm rC+ Str+7 Dex-3}
   (You found it on level 4 of the Spider Nest)

   Str:       It affects your strength (+7).
   Dex:       It affects your dexterity (-3).
   rC:        It protects you from cold.
   Harm:      It increases damage dealt and taken.
 L - a +0 kite shield (worn)
Jewellery
 e - an amulet of reflection
 f - a ring of resist corrosion
 i - a +5 ring of evasion (left hand)
 l - a +5 ring of evasion (right hand)
 z - the ring of Xifitom {rF+ Dex+4}
   (You found it on level 5 of the Dungeon)

   [ring of protection from fire]

   Dex:       It affects your dexterity (+4).
   rF:        It protects you from fire.
 E - a ring of resist corrosion
 F - an amulet of faith (around neck)
 I - the ring "Owunuu" {Fire Will+ Dex+2 Stlth-}
   (You found it on level 4 of the Shoals)

   [ring of fire]

   It enhances your fire magic.
   Dex:       It affects your dexterity (+2).
   rF:        It protects you from fire.
   rC:        It makes you vulnerable to cold.
   Will:      It increases your willpower.
   Stlth:     It makes you less stealthy.
Wands
 o - a wand of digging (7)
Scrolls
 k - 12 scrolls of identify
 p - 17 scrolls of teleportation
 H - 3 scrolls of brand weapon
Potions
 b - 6 potions of cancellation
 d - 4 potions of might
 j - 2 potions of magic
 r - 4 potions of lignification
 s - 4 potions of attraction
 v - 7 potions of curing
 w - 3 potions of haste
 C - 3 potions of mutation

Dungeon Overview and Level Annotations

Branches:
Dungeon (15/15)            Temple (1/1) D:6            Lair (5/5) D:11
 Shoals (4/4) Lair:2       Spider (4/4) Lair:3        Slime (0/5) Lair:4
    Orc (2/2) D:12            Elf (0/3) Orc:2        Vaults (4/5) D:14
  Crypt (0/3) Vaults:3     Depths (1/4) D:15

Altars:
Ashenzari
Cheibriados
Dithmenos
Elyvilon
Fedhas
Gozag
Hepliaklqana
Kikubaaqudgha
Makhleb
Nemelex Xobeh
Okawaru
Qazlal
Ru
Sif Muna
Trog
Uskayaw
Vehumet
Wu Jian
Xom
Yredelemnul
Zin
The Shining One
Jiyva

Shops:
D:6 [   D:10 (   Orc:2 =[*!   Shoals:2 *   Shoals:3 (   Vaults:2 *   Vaults:4 (
Depths:1 [?

Portals:
Hell: Depths:1
Abyss: Depths:1
Trove: D:15 (give whip "Snakebite")

Annotations:
D:8 2 transporters
D:9 3 runed translucent doors, qw's ghost, novice GrFi
D:15 1 runed translucent door, qw's ghost, adept GrFi
Lair:5 1 runed translucent door
Shoals:2 2 transporters, qw's ghost, adept GrFi
Spider:2 Bai Suzhen
Spider:4 2 transporters, Qyadack's ghost, adept HOFi
Vaults:1 3 runed translucent doors, Angmar's ghost, veteran DrAE; christhawk's ghost, adept MiHu; qw's ghost, adept GrFi
Depths:1 exclusion: 4 hydras


Message History

You slash the hell hog!
You hit the hellephant but do no damage.
The hellephant breathes flames at you. The blast of flame hits you! You resist.
You block the hellephant's attack. The hellephant completely misses you.
The hellephant gores you but does no damage.
You block the hell hog's attack.
You barely miss the hellephant. Your headbutt misses the hellephant.
The hellephant is moderately wounded.
You slash the hell hog! You slash the hellephant! You hit the hellephant.
You headbutt the hellephant, but do no damage.
The hellephant is moderately wounded.
You hit the hell hog.
You hit the hellephant but do no damage.
The hell hog completely misses you.
The hellephant blinks!
The hellephant tramples you but does no damage.
You block the hellephant's attack. The hellephant misses you.
The hellephant blinks!
You slash the hellephant!
The hellephant is moderately wounded.
You slash the hell hog! x2
The hell hog closely misses you. You block the hell hog's attack.
The hellephant closely misses you. x2; The hellephant barely misses you.
You block the hell hog's attack.
You barely miss the hell hog.
You headbutt the hell hog, but do no damage.
The hell hog is heavily wounded.
You slice the hell hog!! You slash the hellephant!
The hell hog bites you but does no damage.
You block the hell hog's attack. The hellephant breathes flames at you.
The blast of flame hits the hell hog.
The hell hog completely resists.
The blast of flame hits you!! You resist.
The hellephant breathes flames at you.
The blast of flame hits the hell hog.
The hell hog completely resists.
The blast of flame hits you! You resist.
The hellephant tramples you but does no damage.
The hellephant bites you! The hellephant gores you.
You die...

### ########### ..#
#.........# ###+## #.#
#.........#
########¤...¤##.#
#.........#
#.....#~.....~#.#
#.........#
###.#####(...Y.h#.#
#.........# ....#
...\.Ch@!#####.........#
###.#
....YYY#.¤...#....[....#
###.###
~.....~#.###.#.........#
......#
#~...~##.....'.........#
#####.#########
#####.#.........# #
#.##..# #.#.........# #
#.##.## #+#.........# ##
#.##.# ..........# .#
#.##.# ..........#


You could see 4 hellephants, a frost giant and 2 hell hogs.

Vanquished Creatures
  Sojobo (Vaults:3)
  A caustic shrike (shapeshifter) (D:15)
  Arachne (Spider:3)
  Jorgrun (D:12)
  A walking earthen tome (Depths:1)
  A lich (Depths:1)
  A titan (Shoals:4)
  A sphinx (Depths:1)
  Kirke (Shoals:3)
  2 tengu reavers (Vaults:3)
  Ilsuiw (Shoals:2)
  2 frost giants (Depths:1)
  Aizul (Shoals:4)
  2 ghost moths (Spider:4)
  7 emperor scorpions
  4 vault wardens
  An orc warlord (Vaults:3)
  7 ironbound thunderhulks
  8 ironbound preservers
  6 broodmothers
  6 stone giants
  5 very ugly things
  12 dire elephants
  3 spark wasps
  2 fire dragons (Depths:1)
  7 merfolk javelineers
  8 merfolk impalers
  7 yaktaur captains
  4 great orbs of eyes
  7 entropy weavers
  3 vault guards (Vaults:2)
  14 hydras
  A spriggan air mage (Depths:1)
  A peacekeeper (Vaults:3)
  3 merfolk avatars
  3 radroaches
  6 merfolk aquamancers
  2 ice dragons (Depths:1)
  3 jorogumos (Spider:4)
  22 centaur warriors
  5 ogre magi
  7 ironbound frosthearts
  2 satyrs (Shoals:3)
  21 two-headed ogres
  8 boulder beetles
  A deep troll shaman (Depths:1)
  A hell hog (Depths:1)
  2 deep troll earth magi (Depths:1)
  5 tengu warriors
  Urug (D:12)
  3 skeletal warriors (D:15)
  Amaemon (Lair:1)
  9 pharaoh ants
  A skyshark (Shoals:1)
  A sun moth (Spider:4)
  9 sea snakes
  2 iron trolls (Depths:1)
  13 deep trolls
  A glowing orange brain (Vaults:3)
  10 orb spiders
  12 lindwurms
  8 wizards
  2 necromancers
  10 steelbarb worms
  25 ugly things
  5 orc knights
  15 ironbound convokers
  8 harpies
  17 fauns
  9 cyclopes
  An oklob plant (Lair:3)
  13 wolf spiders
  3 orc sorcerers
  10 elephants
  4 moths of wrath
  13 manticores
  7 black mambas
  20 vault sentinels
  Maurice (D:8)
  3 human zombies
  A stone giant skeleton (Vaults:2)
  Joseph (D:8)
  10 water nymphs
  A guardian serpent (Lair:5)
  8 merfolk sirens
  14 torpor snails
  10 demonic crawlers
  An orange demon (Lair:1)
  A gargoyle (D:12)
  3 kobold demonologists
  A rime drake (Lair:3)
  13 cane toads
  A yaktaur (shapeshifter) (D:14)
  3 efreet
  20 yaktaurs
  A tengu conjurer (Depths:1)
  4 komodo dragons
  6 trolls
  40 merfolk
  4 polar bears
  8 wind drakes
  3 meliai (Spider:4)
  10 hornets
  9 blink frogs
  A blink frog (shapeshifter) (D:15)
  A tarantella (shapeshifter) (D:15)
  6 snapping turtles
  32 tarantellas
  4 tyrant leeches (Lair:5)
  15 dream sheep
  A deep troll zombie (Vaults:4)
  17 slime creatures
  An ettin skeleton (Vaults:4)
  8 air elementals (Shoals:4)
  A slime creature (shapeshifter) (Depths:1)
  41 jumping spiders
  A shadow (D:10)
  A wraith (D:12)
  Grum (D:8)
  25 culicivoras
  2 vampires
  13 wyverns
  24 water elementals
  A yak (shapeshifter) (D:15)
  55 yaks
  Eustachio (D:5)
  5 hogs (Shoals:3)
  10 vampire mosquitoes
  A basilisk (D:14)
  2 steam dragons
  45 redbacks
  2 wargs
  2 acid dragons
  20 water moccasins
  A sky beast (D:7)
  14 orc warriors
  2 ice beasts
  5 black bears
  27 ogres
  16 centaurs
  16 wolves
  A phantom (D:5)
  6 kobold brigands
  4 scorpions
  6 bullfrogs
  A human skeleton (Vaults:2)
  7 wights
  11 killer bees
  3 electric eels (Lair:2)
  4 howler monkeys
  2 hounds
  A jelly (D:5)
  A gnoll bouda (Orc:1)
  2 human simulacra
  10 orc priests
  6 iguanas
  26 orc wizards
  Ijyb (D:4)
  6 hell rats (Lair:2)
  Robin (D:4)
  5 adders
  8 gnolls
  A shadow imp (D:6)
  12 white imps (Lair:1)
  An ufetubus (D:6)
  2 worms (D:3)
  3 dart slugs
  63 orcs
  2 bats (D:1)
  6 endoplasms
  4 giant cockroaches
  12 goblins
  11 hobgoblins
  6 jackals
  23 kobolds
  4 quokkas
  7 ball pythons
  13 frilled lizards
  6 rats
  2 butterflies
1341 creatures vanquished.

Vanquished Creatures (others)
  29 spectral weapons
29 creatures vanquished.

Grand Total: 1370 creatures vanquished

Notes
Turn   | Place    | Note
-------+----------+-------------------------------------------
     0 | D:1      | qw the Gargoyle Fighter began the quest for the Orb.
     0 | D:1      | Reached XP level 1. HP: 14/14 MP: 1/1
     0 | D:1      | 0 ||| qw: Version: 0.2-a-103-g5a998e5
     0 | D:1      | 0 ||| qw: Game counter: 1087
     0 | D:1      | 0 ||| qw: Always use a shield: true
     0 | D:1      | 0 ||| qw: God list: Okawaru
     0 | D:1      | 0 ||| qw: Allow faded altars: false
     0 | D:1      | 0 ||| qw: Do Orc after D:15 true
     0 | D:1      | 0 ||| qw: Do second Lair branch before Depths: true
     0 | D:1      | 0 ||| qw: Lair rune preference: random
     0 | D:1      | 0 ||| qw: Plans: Normal, Zot:1-4, Slime:5, God:TSO, Crypt,
                  | Tomb, Pan, Hells, Abyss, Win
     0 | D:1      | 0 ||| PLANNING D:1-11
   258 | D:1      | Reached XP level 2. HP: 19/19 MP: 2/2
   406 | D:1      | Reached skill level 3 in Axes
   445 | D:1      | Reached XP level 3. HP: 23/23 MP: 3/3
   533 | D:1      | 533 ||| Stepping ~*~*~tactically~*~*~ (hiding).
   832 | D:1      | 832 ||| UPGRADING to +0 chain mail.
   842 | D:1      | 842 ||| DROPPING +0 scale mail.
   843 | D:1      | 843 ||| READING scroll labelled AGRIH GOXAQUUGO.
   844 | D:1      | 844 ||| DROPPING +0 club.
   845 | D:1      | 845 ||| READING scroll labelled XIFIATRAHO.
   846 | D:1      | 846 ||| READING scroll labelled LUETI JUDITATS.
   847 | D:1      | 847 ||| READING 2 scrolls labelled HOVU WOFAJO.
   862 | D:1      | 862 ||| READING scroll labelled LEMEJ PAOCSO.
   867 | D:1      | 867 ||| DRINKING 2 grey potions.
   868 | D:1      | 868 ||| DROPPING scroll of torment.
   892 | D:2      | Found a sparkling altar of Nemelex Xobeh.
   944 | D:2      | 944 ||| Stepping ~*~*~tactically~*~*~ (stealth).
   952 | D:2      | 952 ||| Stepping ~*~*~tactically~*~*~ (stealth).
   953 | D:2      | 953 ||| Stepping ~*~*~tactically~*~*~ (stealth).
   954 | D:2      | 954 ||| Stepping ~*~*~tactically~*~*~ (stealth).
   955 | D:2      | 955 ||| Stepping ~*~*~tactically~*~*~ (stealth).
  1055 | D:2      | Reached XP level 4. HP: 28/28 MP: 4/4
  1283 | D:2      | 1283 ||| READING scroll labelled SETUOFYMIDD.
  1284 | D:2      | 1284 ||| DRINKING 3 coppery potions.
  1285 | D:2      | 1285 ||| DRINKING 2 blue potions.
  1286 | D:2      | 1286 ||| DROPPING 2 potions of brilliance.
  1350 | D:3      | Found a faded altar of an unknown god.
  1511 | D:3      | 1511 ||| Stepping ~*~*~tactically~*~*~ (hiding).
  1540 | D:3      | Reached XP level 5. HP: 13/32 MP: 5/5
  1659 | D:3      | 1659 ||| Stepping ~*~*~tactically~*~*~ (hiding).
  1671 | D:3      | 1671 ||| FLEEEEING.
  1684 | D:3      | Reached skill level 4 in Fighting
  1747 | D:3      | 1747 ||| Stepping ~*~*~tactically~*~*~ (stealth).
  1748 | D:3      | 1748 ||| Stepping ~*~*~tactically~*~*~ (stealth).
  1851 | D:3      | Reached XP level 6. HP: 27/38 MP: 6/6
  1853 | D:3      | 1853 ||| DRINKING potion of curing.
  1853 | D:3      | 1853 ||| (to cure confusion)
  2059 | D:3      | 2059 ||| Stepping ~*~*~tactically~*~*~ (stealth).
  2138 | D:3      | Found a radiant altar of Vehumet.
  2176 | D:3      | Found a sacrificial altar of Ru.
  2430 | D:3      | 2430 ||| UPGRADING to amulet of the acrobat.
  2435 | D:3      | 2435 ||| READING scroll labelled QEDDOKKE OFOLA.
  2676 | D:4      | Noticed Ijyb
  2677 | D:4      | Noticed Robin
  2689 | D:4      | Killed Robin
  2691 | D:4      | Killed Ijyb
  2695 | D:4      | HP: 6/38 [iguana (5)]
  2696 | D:4      | 2696 ||| READING scroll of teleportation.
  2697 | D:4      | 2697 ||| DRINKING 3 potions of heal wounds.
  2867 | D:4      | Reached skill level 6 in Axes
  2882 | D:4      | Reached skill level 1 in Dodging
  2882 | D:4      | Reached XP level 7. HP: 28/43 MP: 7/7
  2892 | D:4      | 2892 ||| FLEEEEING.
  2893 | D:4      | 2893 ||| FLEEEEING.
  2894 | D:4      | 2894 ||| FLEEEEING.
  2895 | D:4      | 2895 ||| FLEEEEING.
  2896 | D:4      | 2896 ||| FLEEEEING.
  3583 | D:4      | 3583 ||| UPGRADING to +0 helmet.
  3588 | D:4      | 3588 ||| UPGRADING to +0 pair of boots.
  3614 | D:5      | Entered Level 5 of the Dungeon
  3624 | D:5      | 3624 ||| STAIRDANCE
  3691 | D:5      | Identified the ring of Xifitom {rF+ Dex+4}
  3916 | D:5      | Reached skill level 5 in Fighting
  3946 | D:5      | Reached XP level 8. HP: 49/49 MP: 8/8
  3987 | D:5      | Noticed Eustachio
  4013 | D:5      | 4013 ||| FLEEEEING.
  4015 | D:5      | 4015 ||| FLEEEEING.
  4016 | D:5      | 4016 ||| FLEEEEING.
  4017 | D:5      | 4017 ||| FLEEEEING.
  4018 | D:5      | 4018 ||| FLEEEEING.
  4019 | D:5      | 4019 ||| FLEEEEING.
  4020 | D:5      | 4020 ||| FLEEEEING.
  4022 | D:5      | 4022 ||| Stepping ~*~*~tactically~*~*~ (hiding).
  4036 | D:5      | 4036 ||| FLEEEEING.
  4037 | D:5      | 4037 ||| FLEEEEING.
  4038 | D:5      | 4038 ||| FLEEEEING.
  4039 | D:5      | 4039 ||| FLEEEEING.
  4040 | D:5      | 4040 ||| FLEEEEING.
  4041 | D:5      | 4041 ||| FLEEEEING.
  4042 | D:5      | 4042 ||| FLEEEEING.
  4045 | D:5      | Killed Eustachio
  4502 | D:5      | 4502 ||| UPGRADING to ring of Xifitom {rF+ Dex+4}.
  4503 | D:5      | 4503 ||| DRINKING 2 smoky cyan potions.
  4503 | D:5      | Gained mutation: You are partially covered in iridescent
                  | scales. (AC +2) [potion of mutation]
  4503 | D:5      | Gained mutation: You are robust. (+10% HP) [potion of
                  | mutation]
  4516 | D:5      | 4516 ||| READING 2 scrolls of identify.
  4516 | D:5      | 4516 ||| IDENTIFYING murky yellow potion
  4630 | D:6      | Found a burning altar of Makhleb.
  4692 | D:6      | Reached skill level 6 in Fighting
  4697 | D:6      | 4697 ||| Stepping ~*~*~tactically~*~*~ (hiding).
  4763 | D:6      | Found Cazuic's Antique Armour Shop.
  4799 | D:6      | 4799 ||| SHOPLISTING bronze plate armour (756 gold, have
                  | 312).
  4799 | D:6      | 4799 ||| BUYING pair of embroidered gloves (202 gold).
  4799 | D:6      | Bought a pair of embroidered gloves for 202 gold pieces
  4799 | D:6      | 4799 ||| SHOPLISTING plate armour (621 gold, have 110).
  4799 | D:6      | 4799 ||| SHOPLISTING runed plate armour (702 gold, have
                  | 110).
  4799 | D:6      | 4799 ||| SHOPLISTING runed ring mail (189 gold, have 110).
  4899 | D:6      | Found a staircase to the Ecumenical Temple.
  4900 | D:6      | 4900 ||| PLANNING TEMPLE
  4900 | D:6      | 4900 ||| UPGRADING to +2 pair of gloves of dexterity.
  4905 | D:6      | 4905 ||| READING scroll labelled OFAITT EJOUM.
  4906 | D:6      | 4906 ||| DRINKING 2 red potions.
  4907 | D:6      | 4907 ||| DROPPING potion of invisibility.
  4913 | Temple   | Entered the Ecumenical Temple
  5015 | Temple   | 5015 ||| PLANNING OKAWARU WORSHIP
  5118 | Temple   | Became a worshipper of Warmaster Okawaru
  5118 | Temple   | 5118 ||| PLANNING D:1-11
  5508 | D:6      | 5508 ||| Stepping ~*~*~tactically~*~*~ (hiding).
  5606 | D:6      | Reached XP level 9. HP: 61/61 MP: 9/9
  6030 | D:6      | 6030 ||| DROPPING ring of magical power.
  6031 | D:6      | 6031 ||| READING scroll labelled QOEZXE EPNORAL.
  6032 | D:6      | 6032 ||| READING 2 scrolls of identify.
  6032 | D:6      | 6032 ||| IDENTIFYING bubbling grey potion
  6033 | D:6      | 6033 ||| DROPPING potion of berserk rage.
  6193 | D:7      | Reached skill level 9 in Axes
  6567 | D:7      | Reached * piety under Okawaru
  6640 | D:7      | Found an ornate altar of the Wu Jian Council.
  6647 | D:7      | Reached skill level 1 in Invocations
  6712 | D:7      | Found a sparkling altar of Nemelex Xobeh.
  6712 | D:7      | Found a shimmering blue altar of Sif Muna.
  6863 | D:7      | 6863 ||| UPGRADING to +6 ring of dexterity.
  6864 | D:7      | 6864 ||| READING scroll labelled ATAXIXKUCOO.
  6864 | D:7      | Identified a scroll of acquirement
  6864 | D:7      | 6864 ||| ACQUIRING +3 pair of seven-league boots
                  | {Rampage+∞}
  6864 | D:7      | Acquired the +3 pair of seven-league boots {Rampage+∞}
  6864 | D:7      | Found the +3 pair of seven-league boots {Rampage+∞}
  6866 | D:7      | 6866 ||| UPGRADING to +3 pair of seven-league boots
                  | {Rampage+∞}.
  6876 | D:7      | 6876 ||| DROPPING +0 pair of boots.
  6877 | D:7      | 6877 ||| READING scroll labelled JADAFO MYWY.
  6933 | D:8      | 6933 ||| INVOKING Heroism.
  6942 | D:8      | Reached skill level 3 in Dodging
  6946 | D:8      | Noticed Grum
  6947 | D:8      | 6947 ||| INVOKING Heroism.
  6953 | D:8      | Reached skill level 7 in Fighting
  6953 | D:8      | Reached skill level 3 in Invocations
  6958 | D:8      | Noticed Maurice
  6962 | D:8      | Killed Grum
  6964 | D:8      | 6964 ||| INVOKING Heroism.
  6980 | D:8      | Killed Maurice
  6980 | D:8      | Reached ** piety under Okawaru
  6981 | D:8      | Reached XP level 10. HP: 40/69 MP: 9/13
  6992 | D:8      | 6992 ||| INVOKING Heroism.
  7033 | D:8      | Noticed Joseph
  7034 | D:8      | 7034 ||| FLEEEEING.
  7039 | D:8      | 7039 ||| STAIRDANCE
  7117 | D:7      | 7117 ||| READING scroll labelled LIROSH YTEOZ.
  7118 | D:7      | 7118 ||| READING 2 scrolls of identify.
  7118 | D:7      | 7118 ||| IDENTIFYING fizzy brown potion
  7119 | D:7      | 7119 ||| DROPPING potion of ambrosia.
  7153 | D:8      | Reached skill level 6 in Armour
  7157 | D:8      | 7157 ||| INVOKING Heroism.
  7166 | D:8      | Reached skill level 8 in Fighting
  7171 | D:8      | 7171 ||| INVOKING Heroism.
  7179 | D:8      | Killed Joseph
  7206 | D:8      | 7206 ||| FLEEEEING.
  7207 | D:8      | 7207 ||| FLEEEEING.
  7208 | D:8      | 7208 ||| FLEEEEING.
  7211 | D:8      | 7211 ||| FLEEEEING.
  7212 | D:8      | 7212 ||| FLEEEEING.
  7213 | D:8      | 7213 ||| STAIRDANCE
  7269 | D:7      | 7269 ||| DROPPING +0 ring mail of cold resistance.
  7270 | D:7      | 7270 ||| UPGRADING to +0 plate armour.
  7280 | D:7      | 7280 ||| DROPPING +0 chain mail.
  7281 | D:7      | 7281 ||| UPGRADING to +1 cloak of stealth.
  7405 | D:8      | 7405 ||| INVOKING Heroism.
  7514 | D:8      | Found a transporter.
  7516 | D:8      | Found a transporter.
  7612 | D:8      | 7612 ||| READING scroll labelled NYPTACW WUHOCW.
  7613 | D:8      | 7613 ||| READING 2 scrolls of identify.
  7613 | D:8      | 7613 ||| IDENTIFYING fuming red potion
  7644 | D:9      | 7644 ||| STAIRDANCE
  7789 | D:9      | 7789 ||| INVOKING Heroism.
  7900 | D:9      | 7900 ||| INVOKING Heroism.
  7924 | D:9      | Noticed a kobold demonologist
  7925 | D:9      | 7925 ||| Stepping ~*~*~tactically~*~*~ (hiding).
  7926 | D:9      | 7926 ||| Stepping ~*~*~tactically~*~*~ (hiding).
  7935 | D:9      | Killed a kobold demonologist
  7941 | D:9      | Reached *** piety under Okawaru
  7942 | D:9      | Reached XP level 11. HP: 74/74 MP: 14/14
  8003 | D:9      | Found a runed translucent gate.
  8004 | D:9      | Found a runed translucent gate.
  8004 | D:9      | Found a runed translucent gate.
  8007 | D:9      | Found an opulent altar of Gozag.
  8007 | D:9      | Noticed qw's ghost (novice GrFi)
  8007 | D:9      | Noticed a fire dragon
  8008 | D:9      | Noticed a cyclops
  8018 | D:9      | 8018 ||| Stepping ~*~*~tactically~*~*~ (stealth).
  8077 | D:9      | Found a bloodstained altar of Trog.
  8083 | D:9      | Noticed a two-headed ogre
  8085 | D:9      | 8085 ||| INVOKING Heroism.
  8091 | D:9      | Killed a two-headed ogre
  8246 | D:9      | 8246 ||| INVOKING Heroism.
  8254 | D:9      | Reached skill level 9 in Fighting
  8438 | D:9      | 8438 ||| Stepping ~*~*~tactically~*~*~ (stealth).
  8446 | D:9      | 8446 ||| Stepping ~*~*~tactically~*~*~ (hiding).
  8460 | D:9      | 8460 ||| DRINKING 3 potions of curing.
  8460 | D:9      | 8460 ||| (to cure confusion)
  8559 | D:9      | 8559 ||| UPGRADING to amulet of regeneration.
  8569 | D:9      | 8569 ||| DROPPING amulet of the acrobat.
  8603 | D:10     | Entered Level 10 of the Dungeon
  8627 | D:10     | Reached skill level 1 in Throwing
  8640 | D:10     | Reached **** piety under Okawaru
  8693 | D:10     | 8693 ||| Stepping ~*~*~tactically~*~*~ (stealth).
  8720 | D:10     | Reached skill level 3 in Throwing
  8797 | D:10     | 8797 ||| INVOKING Heroism.
  8866 | D:10     | 8866 ||| Stepping ~*~*~tactically~*~*~ (stealth).
  8868 | D:10     | 8868 ||| Stepping ~*~*~tactically~*~*~ (hiding).
  9122 | D:10     | Found Lintedau's Antique Weapon Emporium.
  9176 | D:10     | 9176 ||| DROPPING +3 chain mail.
  9187 | D:11     | Found a staircase to the Lair.
  9219 | D:11     | Noticed a purple ugly thing
  9231 | D:11     | Killed a purple ugly thing
  9232 | D:11     | Reached skill level 9 in Armour
  9232 | D:11     | Reached skill level 6 in Invocations
  9784 | D:11     | 9784 ||| INVOKING Heroism.
  9999 | D:11     | 9999 ||| PLANNING LAIR
  9999 | D:11     | 9999 ||| READING scroll labelled ZUUHIP KUPNOOXT.
 10038 | Lair:1   | Entered Level 1 of the Lair of Beasts
 10038 | Lair:1   | Found a frozen archway.
 10084 | Lair:1   | Reached ***** piety under Okawaru
 10149 | Lair:1   | Reached XP level 12. HP: 79/83 MP: 17/17
 10162 | Lair:1   | Identified the +0 chain mail "Qug Foid" {rPois Slay+3 SInv}
                  | (Okawaru gifted it to you on level 1 of the Lair of Beasts)
 10162 | Lair:1   | Received a gift from Okawaru
 10330 | Lair:1   | Noticed Amaemon
 10331 | Lair:1   | 10331 ||| Stepping ~*~*~tactically~*~*~ (hiding).
 10332 | Lair:1   | 10332 ||| INVOKING Heroism.
 10341 | Lair:1   | Killed Amaemon
 10342 | Lair:1   | Reached skill level 12 in Axes
 10366 | Lair:1   | 10366 ||| FLEEEEING.
 10367 | Lair:1   | 10367 ||| FLEEEEING.
 10372 | Lair:1   | 10372 ||| INVOKING Heroism.
 10395 | Lair:1   | Reached skill level 6 in Shields
 10819 | Lair:1   | 10819 ||| UPGRADING to +0 chain mail "Qug Foid" {rPois
                  | Slay+3 SInv}.
 10829 | Lair:1   | 10829 ||| READING 3 scrolls of identify.
 10829 | Lair:1   | 10829 ||| IDENTIFYING puce potion
 10830 | Lair:1   | 10830 ||| READING 2 scrolls of identify.
 10830 | Lair:1   | 10830 ||| IDENTIFYING cyan potion
 10858 | Lair:2   | You fall into a shaft and drop 2 floors!
 10861 | Lair:4   | 10861 ||| INVOKING Heroism.
 10870 | Lair:4   | Noticed a six-headed hydra
 10882 | Lair:4   | Killed a two-headed hydra
 10883 | Lair:4   | Reached skill level 9 in Invocations
 10985 | Lair:3   | Found a hole to the Spider Nest.
 11128 | Lair:3   | 11128 ||| Stepping ~*~*~tactically~*~*~ (stealth).
 11129 | Lair:3   | 11129 ||| Stepping ~*~*~tactically~*~*~ (stealth).
 11133 | Lair:3   | 11133 ||| INVOKING Heroism.
 11300 | Lair:2   | 11300 ||| INVOKING Heroism.
 11371 | Lair:2   | 11371 ||| Stepping ~*~*~tactically~*~*~ (hiding).
 11374 | Lair:2   | Found a staircase to the Shoals.
 11385 | Lair:2   | 11385 ||| INVOKING Heroism.
 11416 | Lair:2   | HP: 12/84 [merfolk/+0 trident (17)]
 11417 | Lair:2   | 11417 ||| READING 11 scrolls of teleportation.
 11418 | Lair:2   | 11418 ||| DRINKING 4 potions of heal wounds.
 11428 | Lair:2   | HP: 21/84 [cane toad (4)]
 11429 | Lair:2   | 11429 ||| READING 10 scrolls of teleportation.
 11430 | Lair:2   | 11430 ||| INVOKING Heroism.
 11432 | Lair:2   | 11432 ||| DRINKING 3 potions of heal wounds.
 11441 | Lair:2   | Reached skill level 10 in Fighting
 11507 | Lair:2   | 11507 ||| Stepping ~*~*~tactically~*~*~ (stealth).
 11509 | Lair:2   | 11509 ||| Stepping ~*~*~tactically~*~*~ (stealth).
 11597 | Lair:2   | Identified the +1 buckler of the Beggar {Str+4 Dex+3}
 11828 | Lair:2   | 11828 ||| Stepping ~*~*~tactically~*~*~ (stealth).
 11829 | Lair:2   | 11829 ||| Stepping ~*~*~tactically~*~*~ (stealth).
 12008 | Lair:2   | 12008 ||| INVOKING Heroism.
 12015 | Lair:2   | Reached XP level 13. HP: 84/90 MP: 17/20
 12620 | Lair:2   | 12620 ||| UPGRADING to +1 buckler of the Beggar {Str+4
                  | Dex+3}.
 12630 | Lair:2   | 12630 ||| DROPPING +0 buckler.
 12631 | Lair:2   | 12631 ||| UPGRADING to +1 helmet.
 12641 | Lair:2   | 12641 ||| DROPPING +0 helmet.
 12642 | Lair:2   | 12642 ||| READING scroll labelled IPSOYL QIQAGAS AME.
 12643 | Lair:2   | 12643 ||| READING 3 scrolls labelled JYEVEOFUEHA.
 12644 | Lair:2   | 12644 ||| READING 2 scrolls labelled SOFAANAUDU.
 12645 | Lair:2   | 12645 ||| DROPPING 2 scrolls of blinking.
 12646 | Lair:2   | 12646 ||| DROPPING scroll of butterflies.
 12765 | Lair:3   | Received a gift from Okawaru
 12851 | Lair:3   | 12851 ||| INVOKING Heroism.
 12919 | Lair:3   | 12919 ||| INVOKING Heroism.
 12975 | Lair:3   | 12975 ||| Stepping ~*~*~tactically~*~*~ (hiding).
 13048 | Lair:3   | 13048 ||| Stepping ~*~*~tactically~*~*~ (stealth).
 13121 | Lair:3   | 13121 ||| INVOKING Heroism.
 13490 | Lair:3   | 13490 ||| READING 3 scrolls of identify.
 13490 | Lair:3   | 13490 ||| IDENTIFYING clear potion
 13514 | Lair:4   | 13514 ||| INVOKING Heroism.
 13529 | Lair:4   | 13529 ||| Stepping ~*~*~tactically~*~*~ (stealth).
 13530 | Lair:4   | 13530 ||| Stepping ~*~*~tactically~*~*~ (stealth).
 13543 | Lair:4   | 13543 ||| Stepping ~*~*~tactically~*~*~ (stealth).
 13544 | Lair:4   | 13544 ||| Stepping ~*~*~tactically~*~*~ (stealth).
 13547 | Lair:4   | 13547 ||| Stepping ~*~*~tactically~*~*~ (stealth).
 13550 | Lair:4   | 13550 ||| Stepping ~*~*~tactically~*~*~ (stealth).
 13551 | Lair:4   | 13551 ||| Stepping ~*~*~tactically~*~*~ (stealth).
 13553 | Lair:4   | 13553 ||| Stepping ~*~*~tactically~*~*~ (stealth).
 13599 | Lair:4   | 13599 ||| INVOKING Heroism.
 13611 | Lair:4   | 13611 ||| Stepping ~*~*~tactically~*~*~ (stealth).
 13615 | Lair:4   | 13615 ||| INVOKING Heroism.
 13627 | Lair:4   | 13627 ||| Stepping ~*~*~tactically~*~*~ (stealth).
 13763 | Lair:4   | 13763 ||| READING 2 scrolls of enchant weapon.
 13763 | Lair:4   | 13763 ||| ENCHANTING +0 war axe of flaming.
 13764 | Lair:4   | 13764 ||| READING scroll of enchant weapon.
 13764 | Lair:4   | 13764 ||| ENCHANTING +1 war axe of flaming.
 13809 | Lair:4   | 13809 ||| INVOKING Heroism.
 13890 | Lair:4   | Found a viscous altar of Jiyva.
 13913 | Lair:4   | Found a staircase to the Slime Pits.
 14317 | Lair:5   | Entered Level 5 of the Lair of Beasts
 14318 | Lair:5   | 14318 ||| INVOKING Heroism.
 14413 | Lair:5   | 14413 ||| INVOKING Heroism.
 14415 | Lair:5   | Received a gift from Okawaru
 14448 | Lair:5   | Identified the +0 scale mail of Immorality {Int+3} (Okawaru
                  | gifted it to you on level 5 of the Lair of Beasts)
 14448 | Lair:5   | Received a gift from Okawaru
 14480 | Lair:5   | 14480 ||| Stepping ~*~*~tactically~*~*~ (stealth).
 14500 | Lair:5   | 14500 ||| Stepping ~*~*~tactically~*~*~ (stealth).
 14511 | Lair:5   | 14511 ||| Stepping ~*~*~tactically~*~*~ (stealth).
 14521 | Lair:5   | 14521 ||| INVOKING Heroism.
 14526 | Lair:5   | Reached skill level 11 in Fighting
 14535 | Lair:5   | 14535 ||| Stepping ~*~*~tactically~*~*~ (stealth).
 14699 | Lair:5   | Reached skill level 6 in Dodging
 14740 | Lair:5   | 14740 ||| INVOKING Heroism.
 14752 | Lair:5   | Gained mutation: Your large and strong wings let you fly.
                  | [Gargoyle growth]
 14752 | Lair:5   | Reached XP level 14. HP: 91/99 MP: 19/21
 14758 | Lair:5   | 14758 ||| Stepping ~*~*~tactically~*~*~ (stealth).
 14760 | Lair:5   | 14760 ||| Stepping ~*~*~tactically~*~*~ (stealth).
 14762 | Lair:5   | 14762 ||| Stepping ~*~*~tactically~*~*~ (stealth).
 14766 | Lair:5   | 14766 ||| Stepping ~*~*~tactically~*~*~ (stealth).
 14861 | Lair:5   | Found a runed translucent door.
 14863 | Lair:5   | 14863 ||| INVOKING Heroism.
 14897 | Lair:5   | 14897 ||| INVOKING Heroism.
 14906 | Lair:5   | 14906 ||| Stepping ~*~*~tactically~*~*~ (stealth).
 14925 | Lair:5   | 14925 ||| FLEEEEING.
 14926 | Lair:5   | 14926 ||| FLEEEEING.
 14927 | Lair:5   | 14927 ||| FLEEEEING.
 14928 | Lair:5   | 14928 ||| FLEEEEING.
 14929 | Lair:5   | 14929 ||| FLEEEEING.
 14930 | Lair:5   | 14930 ||| FLEEEEING.
 14931 | Lair:5   | 14931 ||| FLEEEEING.
 14932 | Lair:5   | 14932 ||| FLEEEEING.
 14933 | Lair:5   | 14933 ||| FLEEEEING.
 14934 | Lair:5   | 14934 ||| FLEEEEING.
 14935 | Lair:5   | 14935 ||| FLEEEEING.
 14936 | Lair:5   | 14936 ||| FLEEEEING.
 14937 | Lair:5   | 14937 ||| FLEEEEING.
 14938 | Lair:5   | 14938 ||| FLEEEEING.
 14940 | Lair:5   | 14940 ||| INVOKING Heroism.
 14967 | Lair:5   | 14967 ||| Stepping ~*~*~tactically~*~*~ (stealth).
 14968 | Lair:5   | 14968 ||| Stepping ~*~*~tactically~*~*~ (stealth).
 14970 | Lair:5   | 14970 ||| Stepping ~*~*~tactically~*~*~ (stealth).
 14973 | Lair:5   | 14973 ||| Stepping ~*~*~tactically~*~*~ (stealth).
 14974 | Lair:5   | 14974 ||| Stepping ~*~*~tactically~*~*~ (stealth).
 14976 | Lair:5   | 14976 ||| Stepping ~*~*~tactically~*~*~ (stealth).
 15040 | Lair:5   | 15040 ||| INVOKING Heroism.
 15091 | Lair:5   | 15091 ||| FLEEEEING.
 15092 | Lair:5   | 15092 ||| FLEEEEING.
 15093 | Lair:5   | 15093 ||| FLEEEEING.
 15094 | Lair:5   | 15094 ||| FLEEEEING.
 15095 | Lair:5   | 15095 ||| FLEEEEING.
 15096 | Lair:5   | 15096 ||| FLEEEEING.
 15097 | Lair:5   | 15097 ||| FLEEEEING.
 15098 | Lair:5   | 15098 ||| FLEEEEING.
 15099 | Lair:5   | 15099 ||| FLEEEEING.
 15100 | Lair:5   | 15100 ||| FLEEEEING.
 15102 | Lair:5   | 15102 ||| INVOKING Heroism.
 15123 | Lair:5   | 15123 ||| Stepping ~*~*~tactically~*~*~ (stealth).
 15125 | Lair:5   | 15125 ||| Stepping ~*~*~tactically~*~*~ (stealth).
 15127 | Lair:5   | 15127 ||| Stepping ~*~*~tactically~*~*~ (stealth).
 15210 | Lair:5   | 15210 ||| Stepping ~*~*~tactically~*~*~ (stealth).
 15212 | Lair:5   | 15212 ||| Stepping ~*~*~tactically~*~*~ (stealth).
 15431 | Lair:5   | 15431 ||| Stepping ~*~*~tactically~*~*~ (stealth).
 15443 | Lair:5   | Received a gift from Okawaru
 15457 | Lair:5   | Reached skill level 15 in Axes
 15588 | Lair:5   | 15588 ||| INVOKING Heroism.
 15615 | Lair:5   | 15615 ||| Stepping ~*~*~tactically~*~*~ (stealth).
 15616 | Lair:5   | 15616 ||| Stepping ~*~*~tactically~*~*~ (stealth).
 15618 | Lair:5   | 15618 ||| Stepping ~*~*~tactically~*~*~ (stealth).
 15620 | Lair:5   | 15620 ||| Stepping ~*~*~tactically~*~*~ (stealth).
 15754 | Lair:5   | 15754 ||| PLANNING D
 15754 | Lair:5   | 15754 ||| DROPPING ring of willpower.
 15755 | Lair:5   | 15755 ||| UPGRADING to +4 ring of slaying {mikee}.
 15928 | D:12     | Noticed Jorgrun
 15929 | D:12     | 15929 ||| INVOKING Heroism.
 15930 | D:12     | 15930 ||| INVOKING Finesse.
 15940 | D:12     | Killed Jorgrun
 16013 | D:12     | 16013 ||| Stepping ~*~*~tactically~*~*~ (hiding).
 16013 | D:12     | Found a staircase to the Orcish Mines.
 16014 | D:12     | 16014 ||| Stepping ~*~*~tactically~*~*~ (stealth).
 16027 | D:12     | 16027 ||| Stepping ~*~*~tactically~*~*~ (stealth).
 16251 | D:12     | 16251 ||| READING scroll of enchant armour.
 16251 | D:12     | 16251 ||| ENCHANTING +1 helmet.
 16333 | D:12     | Noticed Urug
 16334 | D:12     | 16334 ||| INVOKING Heroism.
 16335 | D:12     | 16335 ||| INVOKING Finesse.
 16351 | D:12     | Found a radiant altar of Vehumet.
 16356 | D:12     | 16356 ||| DRINKING 5 potions of curing.
 16356 | D:12     | 16356 ||| (to cure confusion)
 16362 | D:12     | Killed Urug
 16425 | D:12     | Reached skill level 6 in Throwing
 16492 | D:12     | 16492 ||| Stepping ~*~*~tactically~*~*~ (hiding).
 16751 | D:12     | 16751 ||| DRINKING 3 golden potions.
 16752 | D:12     | 16752 ||| DROPPING 2 potions of degeneration.
 16833 | D:13     | Reached skill level 12 in Fighting
 16862 | D:13     | 16862 ||| READING scroll of enchant weapon.
 16862 | D:13     | 16862 ||| ENCHANTING +2 war axe of flaming.
 16978 | D:13     | Identified the +2 great mace of Causality {elec, rCorr MP+9
                  | Dex-4}
 17001 | D:13     | 17001 ||| INVOKING Heroism.
 17002 | D:13     | 17002 ||| INVOKING Finesse.
 17040 | D:13     | 17040 ||| Stepping ~*~*~tactically~*~*~ (stealth).
 17048 | D:13     | 17048 ||| Stepping ~*~*~tactically~*~*~ (hiding).
 17052 | D:13     | 17052 ||| INVOKING Heroism.
 17067 | D:13     | 17067 ||| Stepping ~*~*~tactically~*~*~ (stealth).
 17068 | D:13     | 17068 ||| Stepping ~*~*~tactically~*~*~ (stealth).
 17312 | D:13     | 17312 ||| READING scroll of enchant weapon.
 17312 | D:13     | 17312 ||| ENCHANTING +3 war axe of flaming.
 17469 | D:14     | 17469 ||| INVOKING Heroism.
 17470 | D:14     | 17470 ||| INVOKING Finesse.
 17479 | D:14     | Reached XP level 15. HP: 105/105 MP: 14/22
 17488 | D:14     | Received a gift from Okawaru
 17579 | D:14     | 17579 ||| Stepping ~*~*~tactically~*~*~ (hiding).
 17655 | D:14     | Found a gate to the Vaults.
 17713 | D:14     | Received a gift from Okawaru
 17860 | D:14     | 17860 ||| Stepping ~*~*~tactically~*~*~ (hiding).
 18033 | D:14     | 18033 ||| INVOKING Heroism.
 18045 | D:14     | 18045 ||| Stepping ~*~*~tactically~*~*~ (hiding).
 18051 | D:14     | Received a gift from Okawaru
 18197 | D:14     | 18197 ||| Stepping ~*~*~tactically~*~*~ (hiding).
 18586 | D:14     | 18586 ||| DROPPING +0 plate armour.
 18587 | D:14     | 18587 ||| UPGRADING to +3 plate armour of cold resistance.
 18597 | D:14     | 18597 ||| DROPPING +0 chain mail "Qug Foid" {rPois Slay+3
                  | SInv}.
 18598 | D:14     | 18598 ||| DROPPING +6 ring of dexterity.
 18617 | D:15     | Entered Level 15 of the Dungeon
 18706 | D:15     | Found a runed translucent door.
 18706 | D:15     | Found a shimmering altar of Xom.
 18706 | D:15     | Noticed qw's ghost (adept GrFi)
 18784 | D:15     | Found a portal to a secret trove of treasure.
 18861 | D:15     | 18861 ||| INVOKING Heroism.
 18899 | D:15     | 18899 ||| READING scroll of enchant weapon.
 18899 | D:15     | 18899 ||| ENCHANTING +4 war axe of flaming.
 19021 | D:15     | 19021 ||| Stepping ~*~*~tactically~*~*~ (hiding).
 19023 | D:15     | 19023 ||| Stepping ~*~*~tactically~*~*~ (hiding).
 19042 | D:15     | Found a staircase to the Depths.
 19043 | D:15     | 19043 ||| INVOKING Heroism.
 19247 | D:15     | 19247 ||| Stepping ~*~*~tactically~*~*~ (hiding).
 19248 | D:15     | 19248 ||| Stepping ~*~*~tactically~*~*~ (hiding).
 19250 | D:15     | 19250 ||| Stepping ~*~*~tactically~*~*~ (hiding).
 19251 | D:15     | 19251 ||| Stepping ~*~*~tactically~*~*~ (hiding).
 19253 | D:15     | 19253 ||| Stepping ~*~*~tactically~*~*~ (hiding).
 19255 | D:15     | 19255 ||| Stepping ~*~*~tactically~*~*~ (hiding).
 19365 | D:15     | 19365 ||| INVOKING Heroism.
 19427 | D:15     | 19427 ||| Stepping ~*~*~tactically~*~*~ (hiding).
 19708 | D:15     | Noticed a caustic shrike
 19709 | D:15     | 19709 ||| INVOKING Heroism.
 19710 | D:15     | 19710 ||| INVOKING Finesse.
 19725 | D:15     | Killed a caustic shrike
 19726 | D:15     | Reached skill level 12 in Armour
 19954 | D:15     | 19954 ||| PLANNING ORC
 19954 | D:15     | 19954 ||| DROPPING +2 hat.
 20058 | Orc:1    | Entered Level 1 of the Orcish Mines
 20067 | Orc:1    | 20067 ||| INVOKING Heroism.
 20077 | Orc:1    | Paralysed by an orc sorcerer for 3 turns
 20080 | Orc:1    | Gained mutation: You occasionally lose the ability to read
                  | scrolls when taking damage. [a neqoxec]
 20185 | Orc:1    | 20185 ||| DRINKING 3 potions of mutation.
 20185 | Orc:1    | Lost mutation: You are robust. (+10% HP) [potion of
                  | mutation]
 20185 | Orc:1    | Lost mutation: You are partially covered in iridescent
                  | scales. (AC +2) [potion of mutation]
 20185 | Orc:1    | Gained mutation: You occasionally shout uncontrollably at
                  | your foes. [potion of mutation]
 20185 | Orc:1    | Gained mutation: You are somewhat resistant to further
                  | mutation. [potion of mutation]
 20185 | Orc:1    | Gained mutation: You occasionally lose the ability to drink
                  | potions when taking damage. [potion of mutation]
 20186 | Orc:1    | 20186 ||| DRINKING 2 potions of mutation.
 20186 | Orc:1    | Lost mutation: You are somewhat resistant to further
                  | mutation. [potion of mutation]
 20186 | Orc:1    | Lost mutation: You occasionally shout uncontrollably at
                  | your foes. [potion of mutation]
 20186 | Orc:1    | Gained mutation: Your magical capacity is low. (-10% MP)
                  | [potion of mutation]
 20186 | Orc:1    | Gained mutation: You have large cloven feet. [potion of
                  | mutation]
 20186 | Orc:1    | Gained mutation: Your spells are a little harder to cast,
                  | but a little more powerful. [potion of mutation]
 20187 | Orc:1    | 20187 ||| DRINKING potion of mutation.
 20187 | Orc:1    | Lost mutation: Your spells are a little harder to cast, but
                  | a little more powerful. [potion of mutation]
 20187 | Orc:1    | Lost mutation: You occasionally lose the ability to drink
                  | potions when taking damage. [potion of mutation]
 20187 | Orc:1    | Gained mutation: You occasionally lose the ability to drink
                  | potions when taking damage. [potion of mutation]
 20187 | Orc:1    | Gained mutation: Your mind is acute. (Int +4, Str/Dex -1)
                  | [potion of mutation]
 20196 | Orc:1    | 20196 ||| INVOKING Heroism.
 20480 | Orc:2    | Entered Level 2 of the Orcish Mines
 20481 | Orc:2    | 20481 ||| INVOKING Heroism.
 20500 | Orc:2    | 20500 ||| Stepping ~*~*~tactically~*~*~ (stealth).
 20501 | Orc:2    | 20501 ||| Stepping ~*~*~tactically~*~*~ (stealth).
 20567 | Orc:2    | 20567 ||| INVOKING Heroism.
 20576 | Orc:2    | Reached skill level 13 in Fighting
 20732 | Orc:2    | 20732 ||| Stepping ~*~*~tactically~*~*~ (hiding).
 20733 | Orc:2    | 20733 ||| Stepping ~*~*~tactically~*~*~ (hiding).
 20738 | Orc:2    | 20738 ||| Stepping ~*~*~tactically~*~*~ (hiding).
 20739 | Orc:2    | 20739 ||| Stepping ~*~*~tactically~*~*~ (hiding).
 20741 | Orc:2    | 20741 ||| Stepping ~*~*~tactically~*~*~ (hiding).
 20742 | Orc:2    | 20742 ||| INVOKING Heroism.
 20766 | Orc:2    | 20766 ||| Stepping ~*~*~tactically~*~*~ (stealth).
 20767 | Orc:2    | 20767 ||| Stepping ~*~*~tactically~*~*~ (stealth).
 20826 | Orc:2    | 20826 ||| Stepping ~*~*~tactically~*~*~ (stealth).
 20827 | Orc:2    | 20827 ||| Stepping ~*~*~tactically~*~*~ (stealth).
 20832 | Orc:2    | 20832 ||| INVOKING Heroism.
 20840 | Orc:2    | Received a gift from Okawaru
 20841 | Orc:2    | Reached XP level 16. HP: 92/104 MP: 19/21
 20842 | Orc:2    | Reached skill level 9 in Shields
 20866 | Orc:2    | Received a gift from Okawaru
 20902 | Orc:2    | Found Lyih's Jewellery Shop.
 20902 | Orc:2    | Found Xamefees's Antique Armour Shoppe.
 20905 | Orc:2    | Found Oseifaux's Assorted Antiques.
 20905 | Orc:2    | Found Ehijib's Distillery.
 20915 | Orc:2    | 20915 ||| BUYING +5 ring of evasion (504 gold).
 20915 | Orc:2    | Bought a +5 ring of evasion for 504 gold pieces
 20915 | Orc:2    | 20915 ||| BUYING +5 ring of evasion (504 gold).
 20915 | Orc:2    | Bought a +5 ring of evasion for 504 gold pieces
 20915 | Orc:2    | 20915 ||| BUYING amulet of faith (560 gold).
 20915 | Orc:2    | Bought an amulet of faith for 560 gold pieces
 20915 | Orc:2    | 20915 ||| SHOPLISTING ring "Kooh" {Ice *Slow +Blink rCorr
                  | Dex+4} (663 gold, have 116).
 20915 | Orc:2    | 20915 ||| SHOPLISTING ring of Byfakeh {rF- rC+++ rN+ Will+}
                  | (898 gold, have 116).
 20915 | Orc:2    | 20915 ||| SHOPLISTING ring of fire (350 gold, have 116).
 20916 | Orc:2    | 20916 ||| BUYING jade ring (95 gold).
 20916 | Orc:2    | Bought a jade ring for 95 gold pieces
 20916 | Orc:2    | 20916 ||| SHOPLISTING potion of curing (57 gold, have 21).
 20917 | Orc:2    | 20917 ||| SHOPLISTING potion of curing (39 gold, have 21).
 20917 | Orc:2    | 20917 ||| SHOPLISTING potion of lignification (39 gold,
                  | have 21).
 20918 | Orc:2    | 20918 ||| SHOPLISTING glowing chain mail (247 gold, have
                  | 21).
 20918 | Orc:2    | 20918 ||| SHOPLISTING pair of runed boots (247 gold, have
                  | 21).
 20918 | Orc:2    | 20918 ||| SHOPLISTING shiny plate armour (858 gold, have
                  | 21).
 21013 | Orc:2    | Found a staircase to the Elven Halls.
 21022 | Orc:2    | 21022 ||| UPGRADING to amulet of faith.
 21032 | Orc:2    | 21032 ||| UPGRADING to +5 ring of evasion.
 21034 | Orc:2    | 21034 ||| UPGRADING to +5 ring of evasion.
 21036 | Orc:2    | 21036 ||| DROPPING +4 ring of protection.
 21037 | Orc:2    | 21037 ||| DROPPING +6 ring of intelligence.
 21038 | Orc:2    | 21038 ||| DROPPING +4 ring of slaying {mikee}.
 21045 | Orc:2    | 21045 ||| INVOKING Heroism.
 21226 | Orc:2    | Found a gateway to a bazaar.
 21227 | Orc:2    | 21227 ||| PLANNING BAZAAR
 21235 | Bazaar   | Entered a bazaar
 21251 | Bazaar   | Found Tyni's Assorted Antiques.
 21252 | Bazaar   | Found Caezoi's Magic Scroll Shoppe.
 21260 | Bazaar   | 21260 ||| BUYING scroll of brand weapon (104 gold).
 21260 | Bazaar   | Bought a scroll of brand weapon for 104 gold pieces
 21260 | Bazaar   | 21260 ||| BUYING scroll of enchant weapon (82 gold).
 21260 | Bazaar   | Bought a scroll of enchant weapon for 82 gold pieces
 21260 | Bazaar   | 21260 ||| BUYING scroll of identify (22 gold).
 21260 | Bazaar   | Bought a scroll of identify for 22 gold pieces
 21260 | Bazaar   | 21260 ||| READING scroll of brand weapon.
 21260 | Bazaar   | 21260 ||| BRANDING +5 war axe of flaming.
 21261 | Bazaar   | 21261 ||| READING scroll of enchant weapon.
 21261 | Bazaar   | 21261 ||| ENCHANTING +5 war axe of venom.
 21296 | Bazaar   | Found Dacs's Antique Armour Emporium.
 21296 | Bazaar   | Found Ciarecow's Weapon Emporium.
 21330 | Orc:2    | 21330 ||| PLANNING ORC
 21446 | Orc:2    | 21446 ||| DROPPING +0 flail.
 21477 | Orc:2    | 21477 ||| PLANNING SHOALS:1-3
 21613 | Shoals:1 | Entered Level 1 of the Shoals
 21637 | Shoals:1 | Reached skill level 14 in Fighting
 21750 | Shoals:1 | 21750 ||| DRINKING potion of mutation.
 21750 | Shoals:1 | Lost mutation: You occasionally lose the ability to read
                  | scrolls when taking damage. [potion of mutation]
 21750 | Shoals:1 | Lost mutation: You have large cloven feet. [potion of
                  | mutation]
 21750 | Shoals:1 | Lost mutation: You occasionally lose the ability to drink
                  | potions when taking damage. [potion of mutation]
 21750 | Shoals:1 | Gained mutation: You have a pair of small horns on your
                  | head. [potion of mutation]
 21750 | Shoals:1 | Gained mutation: You are partially covered in iridescent
                  | scales. (AC +2) [potion of mutation]
 21750 | Shoals:1 | Gained mutation: You expend magic power (3 MP) to
                  | strengthen your wands. [potion of mutation]
 21760 | Shoals:1 | 21760 ||| Stepping ~*~*~tactically~*~*~ (hiding).
 21853 | Shoals:1 | 21853 ||| Stepping ~*~*~tactically~*~*~ (stealth).
 21939 | Shoals:1 | Received a gift from Okawaru
 22038 | Shoals:1 | 22038 ||| Stepping ~*~*~tactically~*~*~ (hiding).
 22233 | Shoals:1 | 22233 ||| Stepping ~*~*~tactically~*~*~ (hiding).
 22234 | Shoals:1 | 22234 ||| Stepping ~*~*~tactically~*~*~ (hiding).
 22235 | Shoals:1 | 22235 ||| SWAPPING to +0 broad axe.
 22239 | Shoals:1 | 22239 ||| INVOKING Heroism.
 22240 | Shoals:1 | 22240 ||| INVOKING Finesse.
 22254 | Shoals:1 | 22254 ||| DROPPING +6 war axe of venom.
 22395 | Shoals:1 | 22395 ||| INVOKING Heroism.
 22413 | Shoals:1 | Received a gift from Okawaru
 22460 | Shoals:1 | 22460 ||| FLEEEEING.
 22513 | Shoals:1 | 22513 ||| SWAPPING to +0 heavy broad axe.
 22514 | Shoals:1 | 22514 ||| DROPPING +0 broad axe.
 22520 | Shoals:1 | 22520 ||| INVOKING Heroism.
 22670 | Shoals:1 | 22670 ||| DROPPING +2 helmet.
 22671 | Shoals:1 | 22671 ||| READING 8 scrolls of identify.
 22671 | Shoals:1 | 22671 ||| IDENTIFYING inky potion
 22726 | Shoals:2 | Noticed Ilsuiw
 22727 | Shoals:2 | 22727 ||| INVOKING Heroism.
 22728 | Shoals:2 | 22728 ||| INVOKING Finesse.
 22766 | Shoals:2 | Killed Ilsuiw
 22952 | Shoals:2 | 22952 ||| Stepping ~*~*~tactically~*~*~ (hiding).
 22953 | Shoals:2 | 22953 ||| Stepping ~*~*~tactically~*~*~ (hiding).
 22954 | Shoals:2 | 22954 ||| Stepping ~*~*~tactically~*~*~ (hiding).
 22999 | Shoals:2 | 22999 ||| Stepping ~*~*~tactically~*~*~ (stealth).
 23085 | Shoals:2 | 23085 ||| INVOKING Heroism.
 23247 | Shoals:2 | 23247 ||| READING scroll of brand weapon.
 23247 | Shoals:2 | 23247 ||| BRANDING +0 heavy broad axe.
 23257 | Shoals:2 | Found Jahetoig's General Store.
 23274 | Shoals:2 | 23274 ||| BUYING potion of magic (120 gold).
 23274 | Shoals:2 | Bought a potion of magic for 120 gold pieces
 23274 | Shoals:2 | 23274 ||| BUYING potion of might (60 gold).
 23274 | Shoals:2 | Bought a potion of might for 60 gold pieces
 23274 | Shoals:2 | 23274 ||| SHOPLISTING scroll of teleportation (45 gold,
                  | have 42).
 23385 | Shoals:2 | Found a transporter.
 23394 | Shoals:2 | Noticed qw's ghost (adept GrFi)
 23398 | Shoals:2 | Found a transporter.
 23403 | Shoals:2 | Found a bloodstained altar of Trog.
 23693 | Shoals:3 | Noticed Kirke
 23694 | Shoals:3 | 23694 ||| INVOKING Heroism.
 23707 | Shoals:3 | 23707 ||| INVOKING Finesse.
 23710 | Shoals:3 | Received a gift from Okawaru
 23718 | Shoals:3 | Killed Kirke
 23760 | Shoals:3 | Found Joisacyce's Weapon Boutique.
 23765 | Shoals:3 | 23765 ||| SHOPLISTING +0 eveningstar (210 gold, have 42).
 23765 | Shoals:3 | 23765 ||| SHOPLISTING +2 morningstar of protection (235
                  | gold, have 42).
 23768 | Shoals:3 | 23768 ||| INVOKING Heroism.
 23915 | Shoals:3 | 23915 ||| INVOKING Heroism.
 24006 | Shoals:3 | 24006 ||| Stepping ~*~*~tactically~*~*~ (hiding).
 24026 | Shoals:3 | 24026 ||| INVOKING Heroism.
 24152 | Shoals:3 | 24152 ||| INVOKING Heroism.
 24180 | Shoals:3 | 24180 ||| Stepping ~*~*~tactically~*~*~ (hiding).
 24257 | Shoals:3 | 24257 ||| INVOKING Heroism.
 24258 | Shoals:3 | 24258 ||| INVOKING Finesse.
 24275 | Shoals:3 | Reached XP level 17. HP: 98/111 MP: 15/22
 24300 | Shoals:3 | Reached skill level 18 in Axes
 24395 | Shoals:3 | 24395 ||| Stepping ~*~*~tactically~*~*~ (hiding).
 24396 | Shoals:3 | 24396 ||| Stepping ~*~*~tactically~*~*~ (hiding).
 24415 | Shoals:3 | 24415 ||| Stepping ~*~*~tactically~*~*~ (stealth).
 24540 | Shoals:3 | Received a gift from Okawaru
 24540 | Shoals:3 | Found the +8 frozen axe "Frostbite" {freeze, freezing
                  | cloud, *Noise Fly rC+}
 24791 | Shoals:3 | 24791 ||| PLANNING SPIDER:1-3
 24874 | Spider:1 | Entered Level 1 of the Spider Nest
 24933 | Spider:1 | 24933 ||| Stepping ~*~*~tactically~*~*~ (stealth).
 25064 | Spider:1 | 25064 ||| Stepping ~*~*~tactically~*~*~ (hiding).
 25148 | Spider:1 | 25148 ||| INVOKING Heroism.
 25153 | Spider:1 | Reached skill level 15 in Fighting
 25329 | Spider:1 | 25329 ||| INVOKING Heroism.
 25421 | Spider:1 | 25421 ||| INVOKING Finesse.
 25491 | Spider:1 | 25491 ||| Stepping ~*~*~tactically~*~*~ (stealth).
 25496 | Spider:1 | 25496 ||| Stepping ~*~*~tactically~*~*~ (stealth).
 25812 | Spider:1 | Received a gift from Okawaru
 25902 | Spider:1 | 25902 ||| INVOKING Finesse.
 26258 | Spider:1 | 26258 ||| READING 13 scrolls of identify.
 26258 | Spider:1 | 26258 ||| IDENTIFYING glowing blue potion
 26259 | Spider:1 | 26259 ||| DROPPING potion of flight.
 26284 | Spider:2 | 26284 ||| STAIRDANCE
 26299 | Spider:2 | 26299 ||| STAIRDANCE
 26327 | Spider:2 | 26327 ||| Stepping ~*~*~tactically~*~*~ (hiding).
 26342 | Spider:2 | 26342 ||| Stepping ~*~*~tactically~*~*~ (stealth).
 26347 | Spider:2 | 26347 ||| Stepping ~*~*~tactically~*~*~ (stealth).
 26349 | Spider:2 | 26349 ||| Stepping ~*~*~tactically~*~*~ (hiding).
 26360 | Spider:2 | Received a gift from Okawaru
 26368 | Spider:2 | 26368 ||| INVOKING Finesse.
 26498 | Spider:2 | 26498 ||| Stepping ~*~*~tactically~*~*~ (stealth).
 26754 | Spider:2 | 26754 ||| Stepping ~*~*~tactically~*~*~ (stealth).
 26924 | Spider:2 | 26924 ||| FLEEEEING.
 26925 | Spider:2 | 26925 ||| FLEEEEING.
 26928 | Spider:2 | 26928 ||| FLEEEEING.
 26929 | Spider:2 | 26929 ||| FLEEEEING.
 26930 | Spider:2 | 26930 ||| FLEEEEING.
 26960 | Spider:2 | Received a gift from Okawaru
 27069 | Spider:2 | 27069 ||| Stepping ~*~*~tactically~*~*~ (stealth).
 27146 | Spider:2 | 27146 ||| Stepping ~*~*~tactically~*~*~ (stealth).
 27150 | Spider:2 | 27150 ||| Stepping ~*~*~tactically~*~*~ (stealth).
 27217 | Spider:2 | 27217 ||| Stepping ~*~*~tactically~*~*~ (stealth).
 27374 | Spider:2 | 27374 ||| Stepping ~*~*~tactically~*~*~ (stealth).
 27375 | Spider:2 | 27375 ||| INVOKING Finesse.
 27376 | Spider:2 | 27376 ||| INVOKING Finesse.
 27707 | Spider:2 | 27707 ||| Stepping ~*~*~tactically~*~*~ (stealth).
 27709 | Spider:2 | 27709 ||| Stepping ~*~*~tactically~*~*~ (stealth).
 27749 | Spider:2 | 27749 ||| Stepping ~*~*~tactically~*~*~ (stealth).
 28094 | Spider:3 | Noticed Bai Suzhen
 28095 | Spider:3 | 28095 ||| INVOKING Heroism.
 28099 | Spider:3 | 28099 ||| SWAPPING to +0 morningstar.
 28110 | Spider:3 | 28110 ||| STAIRDANCE
 28112 | Spider:2 | 28112 ||| SWAPPING to +0 broad axe of venom.
 28116 | Spider:2 | HP: 28/113 [Bai Suzhen/+0 quarterstaff (12)]
 28117 | Spider:2 | 28117 ||| READING 16 scrolls of teleportation.
 28119 | Spider:2 | 28119 ||| DRINKING 7 potions of heal wounds.
 28320 | Spider:3 | Noticed Arachne
 28324 | Spider:3 | 28324 ||| Stepping ~*~*~tactically~*~*~ (hiding).
 28334 | Spider:3 | 28334 ||| INVOKING Finesse.
 28359 | Spider:3 | 28359 ||| Stepping ~*~*~tactically~*~*~ (hiding).
 28360 | Spider:3 | 28360 ||| Stepping ~*~*~tactically~*~*~ (hiding).
 28366 | Spider:3 | 28366 ||| INVOKING Heroism.
 28371 | Spider:3 | Killed Arachne
 28371 | Spider:3 | Received a gift from Okawaru
 28587 | Spider:3 | 28587 ||| Stepping ~*~*~tactically~*~*~ (hiding).
 28591 | Spider:3 | 28591 ||| INVOKING Heroism.
 28775 | Spider:3 | Reached skill level 16 in Fighting
 28844 | Spider:3 | 28844 ||| INVOKING Heroism.
 28958 | Spider:3 | 28958 ||| INVOKING Heroism.
 29170 | Spider:3 | Reached skill level 9 in Throwing
 29220 | Spider:3 | 29220 ||| INVOKING Heroism.
 29231 | Spider:3 | 29231 ||| DRINKING 8 potions of curing.
 29231 | Spider:3 | 29231 ||| (to cure confusion)
 29240 | Spider:3 | Received a gift from Okawaru
 29249 | Spider:3 | 29249 ||| INVOKING Heroism.
 29550 | Spider:3 | 29550 ||| FLEEEEING.
 29556 | Spider:3 | Reached XP level 18. HP: 120/120 MP: 22/22
 29556 | Spider:3 | 29556 ||| DROPPING +0 morningstar.
 29821 | Spider:3 | 29821 ||| PLANNING SHOALS:4
 30044 | Shoals:4 | Entered Level 4 of the Shoals
 30087 | Shoals:4 | 30087 ||| Stepping ~*~*~tactically~*~*~ (hiding).
 30097 | Shoals:4 | Received a gift from Okawaru
 30101 | Shoals:4 | 30101 ||| INVOKING Heroism.
 30108 | Shoals:4 | Paralysed by an air elemental for 1 turns
 30127 | Shoals:4 | Reached skill level 15 in Armour
 30150 | Shoals:4 | 30150 ||| INVOKING Heroism.
 30155 | Shoals:4 | Noticed a titan
 30166 | Shoals:4 | Killed a titan
 30404 | Shoals:4 | Got a barnacled rune of Zot
 30409 | Shoals:4 | Identified the +1 flail of Ignis's Displeasure {protect,
                  | *Slow rCorr Str+7}
 30410 | Shoals:4 | Identified the ring "Owunuu" {Fire Will+ Dex+2 Stlth-}
 30415 | Shoals:4 | 30415 ||| Stepping ~*~*~tactically~*~*~ (hiding).
 30417 | Shoals:4 | 30417 ||| Stepping ~*~*~tactically~*~*~ (hiding).
 30419 | Shoals:4 | 30419 ||| Stepping ~*~*~tactically~*~*~ (hiding).
 30494 | Shoals:4 | 30494 ||| INVOKING Heroism.
 30515 | Shoals:4 | Received a gift from Okawaru
 30526 | Shoals:4 | 30526 ||| Stepping ~*~*~tactically~*~*~ (hiding).
 30528 | Shoals:4 | 30528 ||| INVOKING Heroism.
 30552 | Shoals:4 | Paralysed by an air elemental for 1 turns
 30560 | Shoals:4 | Reached skill level 17 in Fighting
 30567 | Shoals:4 | 30567 ||| Stepping ~*~*~tactically~*~*~ (stealth).
 30589 | Shoals:4 | 30589 ||| Stepping ~*~*~tactically~*~*~ (stealth).
 30632 | Shoals:4 | 30632 ||| Stepping ~*~*~tactically~*~*~ (stealth).
 30643 | Shoals:4 | 30643 ||| Stepping ~*~*~tactically~*~*~ (stealth).
 30648 | Shoals:4 | 30648 ||| Stepping ~*~*~tactically~*~*~ (stealth).
 30649 | Shoals:4 | 30649 ||| Stepping ~*~*~tactically~*~*~ (stealth).
 30651 | Shoals:4 | 30651 ||| INVOKING Heroism.
 30653 | Shoals:4 | 30653 ||| Stepping ~*~*~tactically~*~*~ (hiding).
 30693 | Shoals:4 | 30693 ||| Stepping ~*~*~tactically~*~*~ (stealth).
 30707 | Shoals:4 | 30707 ||| Stepping ~*~*~tactically~*~*~ (stealth).
 30717 | Shoals:4 | 30717 ||| Stepping ~*~*~tactically~*~*~ (stealth).
 30721 | Shoals:4 | Paralysed by an air elemental for 1 turns
 30746 | Shoals:4 | 30746 ||| Stepping ~*~*~tactically~*~*~ (hiding).
 30801 | Shoals:4 | 30801 ||| Stepping ~*~*~tactically~*~*~ (stealth).
 30804 | Shoals:4 | 30804 ||| Stepping ~*~*~tactically~*~*~ (hiding).
 30844 | Shoals:4 | 30844 ||| Stepping ~*~*~tactically~*~*~ (hiding).
 30968 | Shoals:4 | 30968 ||| INVOKING Heroism.
 30981 | Shoals:4 | Received a gift from Okawaru
 31040 | Shoals:4 | 31040 ||| Stepping ~*~*~tactically~*~*~ (stealth).
 31061 | Shoals:4 | 31061 ||| Stepping ~*~*~tactically~*~*~ (hiding).
 31062 | Shoals:4 | 31062 ||| Stepping ~*~*~tactically~*~*~ (hiding).
 31083 | Shoals:4 | 31083 ||| Stepping ~*~*~tactically~*~*~ (hiding).
 31086 | Shoals:4 | 31086 ||| Stepping ~*~*~tactically~*~*~ (hiding).
 31087 | Shoals:4 | 31087 ||| Stepping ~*~*~tactically~*~*~ (hiding).
 31088 | Shoals:4 | 31088 ||| Stepping ~*~*~tactically~*~*~ (hiding).
 31115 | Shoals:4 | 31115 ||| Stepping ~*~*~tactically~*~*~ (stealth).
 31116 | Shoals:4 | 31116 ||| Stepping ~*~*~tactically~*~*~ (stealth).
 31118 | Shoals:4 | 31118 ||| Stepping ~*~*~tactically~*~*~ (stealth).
 31119 | Shoals:4 | 31119 ||| Stepping ~*~*~tactically~*~*~ (stealth).
 31120 | Shoals:4 | 31120 ||| Stepping ~*~*~tactically~*~*~ (stealth).
 31121 | Shoals:4 | 31121 ||| Stepping ~*~*~tactically~*~*~ (stealth).
 31123 | Shoals:4 | 31123 ||| Stepping ~*~*~tactically~*~*~ (stealth).
 31124 | Shoals:4 | 31124 ||| Stepping ~*~*~tactically~*~*~ (stealth).
 31126 | Shoals:4 | 31126 ||| Stepping ~*~*~tactically~*~*~ (hiding).
 31222 | Shoals:4 | 31222 ||| Stepping ~*~*~tactically~*~*~ (stealth).
 31246 | Shoals:4 | Noticed Aizul
 31247 | Shoals:4 | 31247 ||| INVOKING Heroism.
 31275 | Shoals:4 | 31275 ||| INVOKING Finesse.
 31280 | Shoals:4 | Killed Aizul
 31530 | Shoals:4 | 31530 ||| Stepping ~*~*~tactically~*~*~ (stealth).
 31545 | Shoals:4 | 31545 ||| PLANNING VAULTS:1-4
 31545 | Shoals:4 | 31545 ||| DROPPING ring of fire.
 31775 | Vaults:1 | Entered Level 1 of the Vaults
 31797 | Vaults:1 | 31797 ||| FLEEEEING.
 31798 | Vaults:1 | 31798 ||| FLEEEEING.
 31802 | Vaults:1 | 31802 ||| INVOKING Finesse.
 31989 | Vaults:1 | 31989 ||| Stepping ~*~*~tactically~*~*~ (hiding).
 32081 | Vaults:1 | 32081 ||| READING scroll of enchant armour.
 32081 | Vaults:1 | 32081 ||| ENCHANTING +1 cloak of stealth.
 32095 | Vaults:1 | 32095 ||| FLEEEEING.
 32096 | Vaults:1 | 32096 ||| FLEEEEING.
 32097 | Vaults:1 | 32097 ||| FLEEEEING.
 32098 | Vaults:1 | 32098 ||| FLEEEEING.
 32099 | Vaults:1 | 32099 ||| FLEEEEING.
 32100 | Vaults:1 | 32100 ||| FLEEEEING.
 32101 | Vaults:1 | 32101 ||| FLEEEEING.
 32102 | Vaults:1 | 32102 ||| FLEEEEING.
 32103 | Vaults:1 | 32103 ||| FLEEEEING.
 32104 | Vaults:1 | 32104 ||| FLEEEEING.
 32105 | Vaults:1 | 32105 ||| FLEEEEING.
 32110 | Vaults:1 | 32110 ||| Stepping ~*~*~tactically~*~*~ (hiding).
 32115 | Vaults:1 | Received a gift from Okawaru
 32127 | Vaults:1 | 32127 ||| INVOKING Heroism.
 32153 | Vaults:1 | Received a gift from Okawaru
 32157 | Vaults:1 | HP: 19/123 [dire elephant (13)]
 32158 | Vaults:1 | 32158 ||| READING 17 scrolls of teleportation.
 32158 | Vaults:1 | HP: 4/123 [dire elephant (15)]
 32159 | Vaults:1 | 32159 ||| DRINKING 6 potions of heal wounds.
 32160 | Vaults:1 | 32160 ||| DRINKING 5 potions of heal wounds.
 32186 | Vaults:1 | 32186 ||| INVOKING Heroism.
 32196 | Vaults:1 | HP: 26/123 [ironbound thunderhulk/+0 dire flail (10)]
 32197 | Vaults:1 | 32197 ||| READING 16 scrolls of teleportation.
 32198 | Vaults:1 | 32198 ||| DRINKING 4 potions of heal wounds.
 32426 | Vaults:1 | 32426 ||| INVOKING Heroism.
 32650 | Vaults:1 | 32650 ||| READING scroll of brand weapon.
 32650 | Vaults:1 | 32650 ||| BRANDING +0 broad axe of venom.
 32676 | Vaults:1 | Received a gift from Okawaru
 32984 | Vaults:1 | Found a runed translucent gate.
 32984 | Vaults:1 | Found a runed translucent gate.
 32984 | Vaults:1 | Found a runed translucent gate.
 32984 | Vaults:1 | Noticed christhawk's ghost (adept MiHu)
 32984 | Vaults:1 | Noticed qw's ghost (adept GrFi)
 32984 | Vaults:1 | Noticed Angmar's ghost (veteran DrAE)
 32985 | Vaults:1 | Noticed qw's ghost (adept GrFi)
 32985 | Vaults:1 | Noticed qw's ghost (adept GrFi)
 33011 | Vaults:1 | 33011 ||| INVOKING Heroism.
 33013 | Vaults:1 | Reached skill level 18 in Fighting
 33013 | Vaults:1 | Reached XP level 19. HP: 87/130 MP: 20/23
 33016 | Vaults:1 | Received a gift from Okawaru
 33088 | Vaults:1 | 33088 ||| Stepping ~*~*~tactically~*~*~ (stealth).
 33099 | Vaults:1 | 33099 ||| Stepping ~*~*~tactically~*~*~ (hiding).
 33287 | Vaults:1 | 33287 ||| FLEEEEING.
 33288 | Vaults:1 | 33288 ||| FLEEEEING.
 33289 | Vaults:1 | 33289 ||| FLEEEEING.
 33290 | Vaults:1 | 33290 ||| FLEEEEING.
 33291 | Vaults:1 | 33291 ||| FLEEEEING.
 33292 | Vaults:1 | 33292 ||| FLEEEEING.
 33293 | Vaults:1 | 33293 ||| FLEEEEING.
 33294 | Vaults:1 | 33294 ||| FLEEEEING.
 33295 | Vaults:1 | 33295 ||| FLEEEEING.
 33296 | Vaults:1 | 33296 ||| FLEEEEING.
 33297 | Vaults:1 | 33297 ||| FLEEEEING.
 33298 | Vaults:1 | 33298 ||| FLEEEEING.
 33299 | Vaults:1 | 33299 ||| FLEEEEING.
 33300 | Vaults:1 | 33300 ||| FLEEEEING.
 33301 | Vaults:1 | 33301 ||| FLEEEEING.
 33302 | Vaults:1 | 33302 ||| FLEEEEING.
 33303 | Vaults:1 | 33303 ||| FLEEEEING.
 33304 | Vaults:1 | 33304 ||| FLEEEEING.
 33305 | Vaults:1 | 33305 ||| FLEEEEING.
 33306 | Vaults:1 | 33306 ||| FLEEEEING.
 33307 | Vaults:1 | 33307 ||| FLEEEEING.
 33308 | Vaults:1 | 33308 ||| FLEEEEING.
 33309 | Vaults:1 | 33309 ||| FLEEEEING.
 33310 | Vaults:1 | 33310 ||| FLEEEEING.
 33317 | Vaults:1 | 33317 ||| FLEEEEING.
 33318 | Vaults:1 | 33318 ||| FLEEEEING.
 33319 | Vaults:1 | 33319 ||| FLEEEEING.
 33320 | Vaults:1 | 33320 ||| FLEEEEING.
 33321 | Vaults:1 | 33321 ||| FLEEEEING.
 33322 | Vaults:1 | 33322 ||| FLEEEEING.
 33323 | Vaults:1 | 33323 ||| FLEEEEING.
 33324 | Vaults:1 | 33324 ||| FLEEEEING.
 33325 | Vaults:1 | 33325 ||| FLEEEEING.
 33326 | Vaults:1 | 33326 ||| FLEEEEING.
 33327 | Vaults:1 | 33327 ||| FLEEEEING.
 33328 | Vaults:1 | 33328 ||| FLEEEEING.
 33329 | Vaults:1 | 33329 ||| FLEEEEING.
 33330 | Vaults:1 | 33330 ||| FLEEEEING.
 33745 | Vaults:1 | 33745 ||| Stepping ~*~*~tactically~*~*~ (hiding).
 33756 | Vaults:1 | Received a gift from Okawaru
 33782 | Vaults:1 | 33782 ||| DROPPING +1 heavy broad axe.
 33793 | Vaults:1 | 33793 ||| Stepping ~*~*~tactically~*~*~ (stealth).
 33795 | Vaults:1 | 33795 ||| FLEEEEING.
 33796 | Vaults:1 | 33796 ||| FLEEEEING.
 33797 | Vaults:1 | 33797 ||| FLEEEEING.
 33798 | Vaults:1 | 33798 ||| FLEEEEING.
 33799 | Vaults:1 | 33799 ||| FLEEEEING.
 33800 | Vaults:1 | 33800 ||| FLEEEEING.
 33804 | Vaults:1 | 33804 ||| FLEEEEING.
 33805 | Vaults:1 | 33805 ||| FLEEEEING.
 33806 | Vaults:1 | 33806 ||| FLEEEEING.
 33807 | Vaults:1 | 33807 ||| FLEEEEING.
 33808 | Vaults:1 | 33808 ||| FLEEEEING.
 33809 | Vaults:1 | 33809 ||| FLEEEEING.
 33810 | Vaults:1 | 33810 ||| FLEEEEING.
 33811 | Vaults:1 | 33811 ||| FLEEEEING.
 33812 | Vaults:1 | 33812 ||| FLEEEEING.
 33813 | Vaults:1 | 33813 ||| FLEEEEING.
 33814 | Vaults:1 | 33814 ||| FLEEEEING.
 33815 | Vaults:1 | 33815 ||| FLEEEEING.
 33816 | Vaults:1 | 33816 ||| FLEEEEING.
 33817 | Vaults:1 | 33817 ||| FLEEEEING.
 33824 | Vaults:1 | 33824 ||| FLEEEEING.
 33825 | Vaults:1 | 33825 ||| FLEEEEING.
 33826 | Vaults:1 | 33826 ||| FLEEEEING.
 33827 | Vaults:1 | 33827 ||| FLEEEEING.
 33828 | Vaults:1 | 33828 ||| FLEEEEING.
 33829 | Vaults:1 | 33829 ||| FLEEEEING.
 33830 | Vaults:1 | 33830 ||| FLEEEEING.
 33831 | Vaults:1 | 33831 ||| FLEEEEING.
 33832 | Vaults:1 | 33832 ||| FLEEEEING.
 33833 | Vaults:1 | 33833 ||| FLEEEEING.
 33834 | Vaults:1 | 33834 ||| FLEEEEING.
 33835 | Vaults:1 | 33835 ||| FLEEEEING.
 33836 | Vaults:1 | 33836 ||| FLEEEEING.
 33837 | Vaults:1 | 33837 ||| FLEEEEING.
 33838 | Vaults:1 | 33838 ||| FLEEEEING.
 33839 | Vaults:1 | 33839 ||| FLEEEEING.
 33840 | Vaults:1 | 33840 ||| FLEEEEING.
 33841 | Vaults:1 | 33841 ||| FLEEEEING.
 33842 | Vaults:1 | 33842 ||| FLEEEEING.
 33843 | Vaults:1 | 33843 ||| FLEEEEING.
 33846 | Vaults:1 | 33846 ||| FLEEEEING.
 33847 | Vaults:1 | 33847 ||| FLEEEEING.
 33848 | Vaults:1 | 33848 ||| FLEEEEING.
 33849 | Vaults:1 | 33849 ||| FLEEEEING.
 33850 | Vaults:1 | 33850 ||| FLEEEEING.
 33851 | Vaults:1 | 33851 ||| FLEEEEING.
 33852 | Vaults:1 | 33852 ||| FLEEEEING.
 33853 | Vaults:1 | 33853 ||| FLEEEEING.
 33854 | Vaults:1 | 33854 ||| FLEEEEING.
 33855 | Vaults:1 | 33855 ||| FLEEEEING.
 33856 | Vaults:1 | 33856 ||| FLEEEEING.
 33857 | Vaults:1 | 33857 ||| FLEEEEING.
 33858 | Vaults:1 | 33858 ||| FLEEEEING.
 33859 | Vaults:1 | 33859 ||| FLEEEEING.
 33860 | Vaults:1 | 33860 ||| FLEEEEING.
 33861 | Vaults:1 | 33861 ||| FLEEEEING.
 33862 | Vaults:1 | 33862 ||| FLEEEEING.
 33863 | Vaults:1 | 33863 ||| FLEEEEING.
 33864 | Vaults:1 | 33864 ||| FLEEEEING.
 33865 | Vaults:1 | 33865 ||| FLEEEEING.
 33866 | Vaults:1 | 33866 ||| FLEEEEING.
 33867 | Vaults:1 | 33867 ||| FLEEEEING.
 33868 | Vaults:1 | 33868 ||| FLEEEEING.
 33869 | Vaults:1 | 33869 ||| FLEEEEING.
 33870 | Vaults:1 | 33870 ||| FLEEEEING.
 33871 | Vaults:1 | 33871 ||| FLEEEEING.
 33906 | Vaults:1 | 33906 ||| FLEEEEING.
 33909 | Vaults:1 | 33909 ||| FLEEEEING.
 33911 | Vaults:1 | 33911 ||| STAIRDANCE
 34540 | Vaults:2 | 34540 ||| INVOKING Heroism.
 34663 | Vaults:2 | 34663 ||| Stepping ~*~*~tactically~*~*~ (hiding).
 34664 | Vaults:2 | 34664 ||| Stepping ~*~*~tactically~*~*~ (stealth).
 34697 | Vaults:2 | 34697 ||| Stepping ~*~*~tactically~*~*~ (hiding).
 34700 | Vaults:2 | 34700 ||| Stepping ~*~*~tactically~*~*~ (hiding).
 34701 | Vaults:2 | 34701 ||| Stepping ~*~*~tactically~*~*~ (hiding).
 34712 | Vaults:2 | 34712 ||| Stepping ~*~*~tactically~*~*~ (hiding).
 34886 | Vaults:2 | 34886 ||| FLEEEEING.
 34887 | Vaults:2 | 34887 ||| FLEEEEING.
 35040 | Vaults:2 | Identified the +6 hand axe of Plunder {protect, Str+4}
 35141 | Vaults:2 | Found Reih's Assorted Antiques.
 35144 | Vaults:2 | 35144 ||| BUYING potion of cancellation (232 gold).
 35144 | Vaults:2 | Bought a potion of cancellation for 232 gold pieces
 35144 | Vaults:2 | 35144 ||| BUYING potion of mutation (232 gold).
 35144 | Vaults:2 | Bought a potion of mutation for 232 gold pieces
 35177 | Vaults:2 | 35177 ||| Stepping ~*~*~tactically~*~*~ (stealth).
 35181 | Vaults:2 | 35181 ||| Stepping ~*~*~tactically~*~*~ (stealth).
 35183 | Vaults:2 | 35183 ||| Stepping ~*~*~tactically~*~*~ (hiding).
 35213 | Vaults:2 | 35213 ||| INVOKING Heroism.
 35234 | Vaults:2 | HP: 25/131 [lindwurm (9)]
 35235 | Vaults:2 | 35235 ||| READING 16 scrolls of teleportation.
 35236 | Vaults:2 | 35236 ||| DRINKING 3 potions of heal wounds.
 35238 | Vaults:2 | Received a gift from Okawaru
 35536 | Vaults:2 | 35536 ||| Stepping ~*~*~tactically~*~*~ (stealth).
 35540 | Vaults:2 | 35540 ||| Stepping ~*~*~tactically~*~*~ (stealth).
 35578 | Vaults:2 | Reached ****** piety under Okawaru
 35983 | Vaults:2 | Identified the +1 plate armour of Parlour Games {Str+2}
                  | (Okawaru gifted it to you on level 2 of the Vaults)
 35983 | Vaults:2 | Received a gift from Okawaru
 35985 | Vaults:2 | Reached skill level 19 in Fighting
 36122 | Vaults:2 | 36122 ||| DROPPING +1 pair of boots.
 36123 | Vaults:2 | 36123 ||| DROPPING +1 plate armour of Parlour Games
                  | {Str+2}.
 36124 | Vaults:2 | 36124 ||| UPGRADING to +0 kite shield.
 36134 | Vaults:2 | 36134 ||| DROPPING +1 buckler of the Beggar {Str+4 Dex+3}.
 36225 | Vaults:3 | 36225 ||| FLEEEEING.
 36226 | Vaults:3 | 36226 ||| FLEEEEING.
 36227 | Vaults:3 | 36227 ||| FLEEEEING.
 36228 | Vaults:3 | 36228 ||| FLEEEEING.
 36229 | Vaults:3 | 36229 ||| FLEEEEING.
 36230 | Vaults:3 | 36230 ||| FLEEEEING.
 36231 | Vaults:3 | 36231 ||| FLEEEEING.
 36232 | Vaults:3 | 36232 ||| FLEEEEING.
 36357 | Vaults:3 | 36357 ||| DRINKING 9 potions of curing.
 36357 | Vaults:3 | 36357 ||| (to cure confusion)
 36362 | Vaults:3 | You are sucked into a shaft and drop 1 floor!
 36365 | Vaults:4 | 36365 ||| INVOKING Heroism.
 36372 | Vaults:4 | 36372 ||| INVOKING Finesse.
 36474 | Vaults:4 | 36474 ||| INVOKING Heroism.
 36668 | Vaults:4 | 36668 ||| Stepping ~*~*~tactically~*~*~ (hiding).
 36672 | Vaults:4 | 36672 ||| Stepping ~*~*~tactically~*~*~ (hiding).
 36675 | Vaults:4 | 36675 ||| Stepping ~*~*~tactically~*~*~ (hiding).
 36676 | Vaults:4 | 36676 ||| Stepping ~*~*~tactically~*~*~ (hiding).
 36683 | Vaults:4 | 36683 ||| INVOKING Heroism.
 36686 | Vaults:4 | Reached skill level 12 in Shields
 37015 | Vaults:4 | Found Qaethif's Antique Weapon Emporium.
 37214 | Vaults:3 | Noticed Sojobo
 37215 | Vaults:3 | 37215 ||| Stepping ~*~*~tactically~*~*~ (hiding).
 37217 | Vaults:3 | 37217 ||| INVOKING Heroism.
 37219 | Vaults:3 | 37219 ||| INVOKING Finesse.
 37243 | Vaults:3 | Killed Sojobo
 37276 | Vaults:3 | 37276 ||| Stepping ~*~*~tactically~*~*~ (hiding).
 37285 | Vaults:3 | 37285 ||| Stepping ~*~*~tactically~*~*~ (hiding).
 37300 | Vaults:3 | 37300 ||| INVOKING Heroism.
 37419 | Vaults:3 | 37419 ||| Stepping ~*~*~tactically~*~*~ (hiding).
 37438 | Vaults:3 | 37438 ||| INVOKING Heroism.
 37440 | Vaults:3 | Reached XP level 20. HP: 84/139 MP: 21/24
 37451 | Vaults:3 | Received a gift from Okawaru
 37458 | Vaults:3 | HP: 33/139 [great orb of eyes (3)]
 37458 | Vaults:3 | HP: 14/139 [orc knight/+0 halberd (19)]
 37459 | Vaults:3 | 37459 ||| READING 16 scrolls of teleportation.
 37460 | Vaults:3 | 37460 ||| DRINKING 2 potions of heal wounds.
 37460 | Vaults:3 | Paralysed by a great orb of eyes for 2 turns
 37462 | Vaults:3 | 37462 ||| DRINKING potion of heal wounds.
 37493 | Vaults:3 | 37493 ||| FLEEEEING.
 37494 | Vaults:3 | 37494 ||| FLEEEEING.
 37495 | Vaults:3 | 37495 ||| STAIRDANCE
 37749 | Vaults:3 | 37749 ||| Stepping ~*~*~tactically~*~*~ (hiding).
 37759 | Vaults:3 | Received a gift from Okawaru
 37809 | Vaults:3 | 37809 ||| Stepping ~*~*~tactically~*~*~ (stealth).
 37810 | Vaults:3 | 37810 ||| Stepping ~*~*~tactically~*~*~ (stealth).
 37835 | Vaults:3 | 37835 ||| Stepping ~*~*~tactically~*~*~ (stealth).
 37836 | Vaults:3 | 37836 ||| Stepping ~*~*~tactically~*~*~ (stealth).
 37843 | Vaults:3 | 37843 ||| Stepping ~*~*~tactically~*~*~ (hiding).
 37987 | Vaults:3 | 37987 ||| Stepping ~*~*~tactically~*~*~ (hiding).
 38087 | Vaults:3 | Found a staircase to the Crypt.
 38087 | Vaults:3 | Found a basalt altar of Yredelemnul.
 38087 | Vaults:3 | Found an ancient bone altar of Kikubaaqudgha.
 38172 | Vaults:3 | 38172 ||| Stepping ~*~*~tactically~*~*~ (hiding).
 38173 | Vaults:3 | 38173 ||| Stepping ~*~*~tactically~*~*~ (hiding).
 38233 | Vaults:3 | 38233 ||| Stepping ~*~*~tactically~*~*~ (stealth).
 38330 | Vaults:3 | Received a gift from Okawaru
 38411 | Vaults:3 | 38411 ||| DROPPING amulet of regeneration.
 38542 | Vaults:4 | 38542 ||| Stepping ~*~*~tactically~*~*~ (stealth).
 38543 | Vaults:4 | 38543 ||| Stepping ~*~*~tactically~*~*~ (stealth).
 38548 | Vaults:4 | 38548 ||| Stepping ~*~*~tactically~*~*~ (stealth).
 38552 | Vaults:4 | 38552 ||| Stepping ~*~*~tactically~*~*~ (stealth).
 38585 | Vaults:4 | 38585 ||| READING scroll of enchant weapon.
 38585 | Vaults:4 | 38585 ||| ENCHANTING +0 spectral broad axe.
 38958 | Vaults:4 | Reached skill level 15 in Shields
 39199 | Vaults:4 | 39199 ||| Stepping ~*~*~tactically~*~*~ (hiding).
 39353 | Vaults:4 | 39353 ||| FLEEEEING.
 39359 | Vaults:4 | 39359 ||| FLEEEEING.
 39360 | Vaults:4 | 39360 ||| FLEEEEING.
 39361 | Vaults:4 | 39361 ||| FLEEEEING.
 39362 | Vaults:4 | 39362 ||| FLEEEEING.
 39368 | Vaults:4 | 39368 ||| FLEEEEING.
 39369 | Vaults:4 | 39369 ||| FLEEEEING.
 39370 | Vaults:4 | 39370 ||| FLEEEEING.
 39371 | Vaults:4 | 39371 ||| FLEEEEING.
 39372 | Vaults:4 | 39372 ||| FLEEEEING.
 39373 | Vaults:4 | 39373 ||| FLEEEEING.
 39374 | Vaults:4 | 39374 ||| FLEEEEING.
 39375 | Vaults:4 | 39375 ||| FLEEEEING.
 39380 | Vaults:4 | 39380 ||| STAIRDANCE
 39486 | Vaults:4 | 39486 ||| Stepping ~*~*~tactically~*~*~ (hiding).
 39487 | Vaults:4 | 39487 ||| Stepping ~*~*~tactically~*~*~ (hiding).
 39890 | Vaults:4 | 39890 ||| PLANNING SPIDER:4
 39890 | Vaults:4 | 39890 ||| DROPPING +6 ring of strength.
 40297 | Spider:4 | Entered Level 4 of the Spider Nest
 40300 | Spider:4 | Received a gift from Okawaru
 40349 | Spider:4 | 40349 ||| Stepping randomly (disturbance).
 40350 | Spider:4 | 40350 ||| Stepping randomly (disturbance).
 40351 | Spider:4 | 40351 ||| Stepping randomly (disturbance).
 40353 | Spider:4 | 40353 ||| Stepping randomly (disturbance).
 40432 | Spider:4 | 40432 ||| INVOKING Finesse.
 40586 | Spider:4 | 40586 ||| Stepping ~*~*~tactically~*~*~ (stealth).
 40640 | Spider:4 | 40640 ||| Stepping ~*~*~tactically~*~*~ (stealth).
 40651 | Spider:4 | 40651 ||| Stepping ~*~*~tactically~*~*~ (hiding).
 40657 | Spider:4 | 40657 ||| Stepping ~*~*~tactically~*~*~ (hiding).
 40659 | Spider:4 | 40659 ||| Stepping ~*~*~tactically~*~*~ (hiding).
 40668 | Spider:4 | 40668 ||| Stepping ~*~*~tactically~*~*~ (stealth).
 40670 | Spider:4 | 40670 ||| Stepping ~*~*~tactically~*~*~ (stealth).
 40691 | Spider:4 | 40691 ||| Stepping ~*~*~tactically~*~*~ (stealth).
 40723 | Spider:4 | 40723 ||| Stepping ~*~*~tactically~*~*~ (stealth).
 40749 | Spider:4 | 40749 ||| Stepping ~*~*~tactically~*~*~ (hiding).
 40771 | Spider:4 | 40771 ||| Stepping ~*~*~tactically~*~*~ (hiding).
 40773 | Spider:4 | 40773 ||| Stepping randomly (disturbance).
 40776 | Spider:4 | Received a gift from Okawaru
 40932 | Spider:4 | 40932 ||| Stepping ~*~*~tactically~*~*~ (hiding).
 41045 | Spider:4 | 41045 ||| Stepping ~*~*~tactically~*~*~ (stealth).
 41048 | Spider:4 | 41048 ||| Stepping ~*~*~tactically~*~*~ (stealth).
 41110 | Spider:4 | 41110 ||| Stepping ~*~*~tactically~*~*~ (stealth).
 41161 | Spider:4 | 41161 ||| INVOKING Heroism.
 41620 | Spider:4 | 41620 ||| READING scroll of enchant weapon.
 41620 | Spider:4 | 41620 ||| ENCHANTING +1 spectral broad axe.
 41638 | Spider:4 | 41638 ||| INVOKING Finesse.
 41676 | Spider:4 | 41676 ||| READING scroll of enchant armour.
 41676 | Spider:4 | 41676 ||| ENCHANTING +3 plate armour of cold resistance.
 41791 | Spider:4 | Found a transporter.
 41794 | Spider:4 | Noticed Qyadack's ghost (adept HOFi)
 41795 | Spider:4 | Found a transporter.
 42013 | Spider:4 | 42013 ||| Stepping ~*~*~tactically~*~*~ (hiding).
 42042 | Spider:4 | Reached skill level 18 in Armour
 42197 | Spider:4 | 42197 ||| Stepping ~*~*~tactically~*~*~ (stealth).
 42207 | Spider:4 | 42207 ||| Stepping ~*~*~tactically~*~*~ (stealth).
 42227 | Spider:4 | Got a gossamer rune of Zot
 42230 | Spider:4 | Identified the +0 pair of boots "Domi" {rCorr}
 42241 | Spider:4 | Identified the +1 hat of the Pits of Slime {Harm rC+ Str+7
                  | Dex-3}
 42276 | Spider:4 | 42276 ||| Stepping ~*~*~tactically~*~*~ (stealth).
 42280 | Spider:4 | 42280 ||| Stepping ~*~*~tactically~*~*~ (stealth).
 42281 | Spider:4 | 42281 ||| Stepping ~*~*~tactically~*~*~ (stealth).
 42285 | Spider:4 | 42285 ||| Stepping ~*~*~tactically~*~*~ (stealth).
 42286 | Spider:4 | 42286 ||| Stepping ~*~*~tactically~*~*~ (stealth).
 42316 | Spider:4 | 42316 ||| PLANNING DEPTHS
 42316 | Spider:4 | 42316 ||| DROPPING +3 chain mail of cold resistance.
 42317 | Spider:4 | 42317 ||| DROPPING scarf of repulsion.
 42318 | Spider:4 | 42318 ||| DROPPING +1 chain mail of fire resistance.
 42319 | Spider:4 | 42319 ||| DROPPING ring of positive energy.
 42351 | Spider:4 | 42351 ||| Stepping ~*~*~tactically~*~*~ (stealth).
 42352 | Spider:4 | 42352 ||| Stepping ~*~*~tactically~*~*~ (stealth).
 42811 | Depths:1 | Entered Level 1 of the Depths
 42812 | Depths:1 | Found a one-way gate to the infinite horrors of the Abyss.
 42822 | Depths:1 | 42822 ||| INVOKING Heroism.
 43133 | Depths:1 | 43133 ||| Stepping ~*~*~tactically~*~*~ (stealth).
 43138 | Depths:1 | Received a gift from Okawaru
 43140 | Depths:1 | 43140 ||| Stepping ~*~*~tactically~*~*~ (stealth).
 43141 | Depths:1 | 43141 ||| Stepping ~*~*~tactically~*~*~ (stealth).
 43146 | Depths:1 | 43146 ||| INVOKING Heroism.
 43271 | Depths:1 | 43271 ||| INVOKING Heroism.
 43316 | Depths:1 | 43316 ||| Stepping ~*~*~tactically~*~*~ (stealth).
 43322 | Depths:1 | 43322 ||| Stepping ~*~*~tactically~*~*~ (stealth).
 43325 | Depths:1 | 43325 ||| INVOKING Heroism.
 43550 | Depths:1 | 43550 ||| Stepping ~*~*~tactically~*~*~ (stealth).
 43576 | Depths:1 | 43576 ||| Stepping ~*~*~tactically~*~*~ (hiding).
 43592 | Depths:1 | 43592 ||| INVOKING Finesse.
 43601 | Depths:1 | Received a gift from Okawaru
 43604 | Depths:1 | Reached XP level 21. HP: 105/144 MP: 20/25
 43608 | Depths:1 | 43608 ||| INVOKING Heroism.
 43791 | Depths:1 | Found Feomin's Antique Armour Emporium.
 43797 | Depths:1 | 43797 ||| BUYING pair of embroidered gloves (247 gold).
 43797 | Depths:1 | Bought a pair of embroidered gloves for 247 gold pieces
 43797 | Depths:1 | Found Zonwaan's Magic Scroll Shoppe.
 43803 | Depths:1 | 43803 ||| BUYING scroll of brand weapon (133 gold).
 43803 | Depths:1 | Bought a scroll of brand weapon for 133 gold pieces
 43803 | Depths:1 | 43803 ||| BUYING scroll of teleportation (42 gold).
 43803 | Depths:1 | Bought a scroll of teleportation for 42 gold pieces
 43843 | Depths:1 | Found a snail-covered altar of Cheibriados.
 44015 | Depths:1 | Found a sparkling altar of Nemelex Xobeh.
 44037 | Depths:1 | 44037 ||| DRINKING 8 potions of curing.
 44037 | Depths:1 | 44037 ||| (to cure confusion)
 44038 | Depths:1 | 44038 ||| INVOKING Heroism.
 44039 | Depths:1 | 44039 ||| INVOKING Finesse.
 44138 | Depths:1 | Found a gateway to Hell.
 44139 | Depths:1 | 44139 ||| DRINKING potion of resistance.
 44143 | Depths:1 | 44143 ||| INVOKING Heroism.
 44149 | Depths:1 | HP: 26/144 [hellephant/blast of flame (23)]
 44149 | Depths:1 | HP: 10/144 [hellephant/blast of flame (16)]
 44149 | Depths:1 | HP: 1/144 [hellephant (9)]
 44149 | Depths:1 | Slain by a hellephant

Levels and vault maps discovered:
D:1:      lightli_iron_boxes, layout_loops_ring
D:2:      layout_rooms, basic_altar
D:3:      minmay_general_purpose_star, layout_loops_ring,
          mainiacjoe_overflow_alcove_1, lemuel_tele_altar,
          dreamdust_ecumenical_altar_statues, minmay_lizard_king
D:4:      layout_gridville, dk_noncrumbling_2, nicolae_goblin_pals
D:5:      layout_basic, minmay_misc_feat_five, uniq_eustachio
D:6:      layout_basic, general_overflow_altar, minmay_temple_entry_hall,
          serial_aquarium, aquarium_bridge_straight [aquarium_subvault_bridge,
          aquarium_subvault_wall, aquarium_subvault_bridge,
          aquarium_subvault_window], aquarium_window_fake, aquarium_window_fake,
          aquarium_window_1, aquarium_view_2f, aquarium_view_2c,
          aquarium_balcony_1b, aquarium_pool_four, serial_shops, shop_statue,
          minmay_misc_feat_roman
D:7:      layout_basic, gammafunk_temple_overflow_wave,
          mainiacjoe_overflow_six_doors_small, nrook_campfire
D:8:      gammafunk_beogh_shrine, layout_cave_pools, uniq_joseph, uniq_maurice,
          uniq_grum
D:9:      layout_roguey, lemuel_crystal_altar, ebering_ghost_gozag,
          kennysheep_generic_room_5
D:10:     layout_roguey, serial_shops, nicolae_shop_overgrown_old_shop
D:11:     layout_basic, lair_entry_dummy
D:12:     layout_long_grid, erik_orc_3, nicolae_vehumet_radiance, uniq_jorgrun,
          uniq_urug
D:13:     layout_basic
D:14:     layout_irregular_city, skrybe_vaults_entry_preservation,
          minmay_unpleasant_kobolds
D:15:     grunt_enter_depths_snipers, layout_stronghold, enter_trove_0,
          ebering_ghost_xom, minmay_misc_feat_columns
Temple:   regret_index_temple_generic_petals
Lair:1:   layout_long_grid, portal_ice_cave_entry_imps, minivault_19,
          uniq_amaemon
Lair:2:   layout_layer_cave, elwin_shoals_entry_stream, lemuel_fruit_fields,
          infiniplex_staircase_pool_2, serial_bayou_shore_a, grunt_megastairs_5
Lair:3:   layout_chaotic_city, nicolae_spider_entry_tight_spaces,
          chequers_serial_rivers_large_a, chequers_serial_rivers_micro_e,
          wad_woods_road_02
Lair:4:   layout_regular_city, slime_entry_1, lemuel_fruit_fields
Lair:5:   wormcave, layout_regular_city, hangedman_lair_tendril_chambers
Shoals:1: layout_shoals, nicolae_shoals_gull_way
Shoals:2: layout_shoals, gammafunk_ghost_wrathful_warriors,
          nicolae_stop_n_shop_1, uniq_ilsuiw
Shoals:3: layout_shoals, serial_shops, nicolae_shop_hallway_plus, uniq_kirke
Shoals:4: shoals_end_hellmonk_storm_palace [storm_palace_center_square,
          storm_palace_corner_narrow, storm_palace_corner_blocked,
          storm_palace_corner_reverse_hut, storm_palace_corner_grid], uniq_aizul
Spider:1: layout_cave_pods
Spider:2: layout_spider_delve, hangedman_spider_tarantella_strand,
          nicolae_spider_cling_halls
Spider:3: layout_cave_pods, uniq_arachne, uniq_bai_suzhen
Spider:4: hellmonk_spider_rune_endless_swarm, gammafunk_ghost_mausoleum,
          nicolae_spider_twisty_arc_passages
Orc:1:    layout_caves, basic_altar
Orc:2:    st_orc_ogre_mass, layout_caves, serial_shops, bzr_entry_islet
Vaults:1: gammafunk_ghost_cemetery, vaults_mumra_lcd,
          nicolae_vaults_cornered_office, nicolae_vaults_offset_grid_hallway_1,
          hangedman_vaults_cutoff, nicolae_vaults_house_3, v_rooms_6,
          nicolae_vaults_storage_closets_2, v_misc_12, v_misc_9,
          nicolae_vaults_house_2, layout_vaults_big_cross
Vaults:2: nicolae_vaults_shipping_containers_7, hangedman_vaults_stream,
          v_misc_1, nicolae_vaults_angled_halls,
          hangedman_vaults_stretched_pinwheel, nicolae_vaults_network_periphery,
          hangedman_vaults_locks, vaults_room_hallway, hangedman_vaults_impose,
          nicolae_vaults_sightless_eye, grunt_vaults_hallway_long,
          vaults_dpeg_diagonal, ontoclasm_vaults_ring_square,
          nicolae_vaults_ellipses_ellipsis, nicolae_vaults_double_plus_1,
          layout_vaults_omnibox, serial_shops, nicolae_shop_window_shopping
Vaults:3: nicolae_vaults_trapezoid_lopsided_2, v_misc_16,
          vaults_mumra_minichess, nicolae_vaults_little_ls,
          minmay_crypt_entry_necro_gods, v_alt_pattern_3,
          ontoclasm_vaults_shuriken, hangedman_vaults_cutoff, v_misc_2,
          nicolae_vaults_closet_pinwheel_4, v_misc_16,
          nicolae_vaults_closet_pinwheel_3, layout_vaults_maze_bifur,
          uniq_sojobo
Vaults:4: grunt_vaults_hallway_short, nicolae_vaults_house_3, v_misc_3,
          ontoclasm_vaults_claustrophobia, nicolae_vaults_closet_pinwheel_4,
          vaults_dpeg_cross, v_misc_3, v_pattern_2,
          nicolae_vaults_stairing_the_circle, vaults_room_pool,
          ontoclasm_vaults_loading_screen, nicolae_vaults_weapon_check,
          nicolae_vaults_house_1, layout_vaults_quadrants, serial_shops,
          shop_fountains
Depths:1: dreamdust_hydra_shepherd, layout_gridlike,
          nemelex_lonely_heart_becter, grunt_hell_horde, abyss_entry,
          cheibriados_altar_1, minmay_shoptagon

Skill      XL: |  1  2  3  4  5  6  7  8  9 10 11 12 13 14 15 16 17 18 19 20 21 |
---------------+----------------------------------------------------------------+-----
Axes           | 2 3 4 5 6 7 8 10 11 12 14 15 16 17 18 | 18.0
Fighting       | 4 5 6 7 8 9 10 11 12 13 14 16 18 19 | 19.2
Dodging        | 1 2 3 4 6 7 |  7.0
Armour         | 4 5 8 9 10 13 14 16 17 18 | 18.3
Shields        | 4 5 6 7 8 9 10 13 17 | 17.0
Invocations    | 4 6 10 | 10.0
Throwing       | 3 4 6 7 9 10 11 | 11.0

Action                     |  1- 3 |  4- 6 |  7- 9 | 10-12 | 13-15 | 16-18 | 19-21 || total
---------------------------+-------+-------+-------+-------+-------+-------+-------++-------
  Melee: War axe           |    79 |   186 |   283 |   657 |   752 |   121 |       ||  2078
         Broad axe         |       |       |       |       |       |  1372 |   871 ||  2243
         Headbutt          |       |       |       |       |       |   422 |   304 ||   726
         Morningstar       |       |       |       |       |       |    10 |       ||    10
  Throw: Boomerang         |       |    15 |       |    83 |    64 |    68 |    29 ||   259
         Javelin           |       |       |       |    30 |   133 |   141 |   176 ||   480
 Invoke: Heroism           |       |       |     3 |    18 |    33 |    32 |    16 ||   102
         Finesse           |       |       |       |       |     5 |    11 |     6 ||    22
    Use: Scroll            |     5 |     3 |     6 |     9 |    10 |    10 |     5 ||    48
         Potion            |     1 |     4 |     2 |     3 |     5 |     6 |     6 ||    27
   Stab: Distracted        |       |       |       |       |       |       |    21 ||    21
 Armour: Scale mail        |    24 |       |       |       |       |       |       ||    24
         Chain mail        |    22 |   134 |   199 |   156 |   241 |       |       ||   752
         Plate armour      |       |       |       |   295 |    84 |   674 |   335 ||  1388
  Dodge: Dodged            |    30 |    56 |   145 |   226 |   302 |  1111 |   408 ||  2278
  Block: Buckler           |    15 |    35 |    83 |   173 |   236 |   513 |    40 ||  1095
         Kite shield       |       |       |       |       |       |       |   294 ||   294

Table legend:
 A = Non-vault XP
 B = Vault XP
 C = Vault XP percentage of total XP
 D = Non-vault monster count
 E = Vault monster count
 F = Vault count percentage of total count
                 A         B        C        D         E       F
            +---------+---------+-------+---------+---------+-------
      Total |  329522 |  179405 |  35.3 |     947 |     392 |  29.3
            +---------+---------+-------+---------+---------+-------
        D:1 |      47 |       0 |   0.0 |      18 |       0 |   0.0
        D:2 |      65 |       0 |   0.0 |      24 |       0 |   0.0
        D:3 |     270 |      17 |   5.9 |      33 |      14 |  29.8
        D:4 |     460 |      57 |  11.0 |      17 |       7 |  29.2
        D:5 |     673 |     191 |  22.1 |      15 |       1 |   6.2
        D:6 |     736 |       0 |   0.0 |      20 |       0 |   0.0
        D:7 |     924 |       0 |   0.0 |      11 |       0 |   0.0
        D:8 |    2399 |    1611 |  40.2 |      22 |       7 |  24.1
        D:9 |    4439 |     471 |   9.6 |      40 |       2 |   4.8
       D:10 |    3508 |       0 |   0.0 |      24 |       0 |   0.0
       D:11 |    1349 |       0 |   0.0 |       7 |       0 |   0.0
       D:12 |    3976 |    3255 |  45.0 |      11 |      15 |  57.7
       D:13 |    9591 |       0 |   0.0 |      31 |       0 |   0.0
       D:14 |    8746 |    5516 |  38.7 |      15 |      15 |  50.0
       D:15 |   10870 |    2726 |  20.1 |      17 |       3 |  15.0
     Lair:1 |    5106 |    1279 |  20.0 |      18 |      14 |  43.8
     Lair:2 |    4010 |    1761 |  30.5 |      28 |       5 |  15.2
     Lair:3 |    3188 |    2097 |  39.7 |      12 |       9 |  42.9
     Lair:4 |    7744 |       0 |   0.0 |      26 |       0 |   0.0
     Lair:5 |    9357 |   16874 |  64.3 |      26 |      56 |  68.3
   Shoals:1 |   15198 |       0 |   0.0 |      32 |       0 |   0.0
   Shoals:2 |    8631 |    3523 |  29.0 |      21 |       4 |  16.0
   Shoals:3 |   21686 |    2452 |  10.2 |      46 |       6 |  11.5
   Shoals:4 |   15599 |   22169 |  58.7 |      34 |      49 |  59.0
   Spider:1 |   16547 |       0 |   0.0 |      41 |       0 |   0.0
   Spider:2 |   18928 |     265 |   1.4 |      53 |       1 |   1.9
   Spider:3 |   16275 |    2199 |  11.9 |      36 |       1 |   2.7
   Spider:4 |   29047 |   18698 |  39.2 |      69 |      29 |  29.6
      Orc:1 |    2289 |       0 |   0.0 |      30 |       0 |   0.0
      Orc:2 |    3867 |   18946 |  83.0 |      35 |      40 |  53.3
   Vaults:1 |   33675 |   17888 |  34.7 |      48 |      29 |  37.7
   Vaults:2 |   16785 |   15593 |  48.2 |      21 |      27 |  56.2
   Vaults:3 |   18680 |   19908 |  51.6 |      27 |      23 |  46.0
   Vaults:4 |    8126 |   13176 |  61.9 |      11 |      25 |  69.4
   Depths:1 |   26731 |    8733 |  24.6 |      28 |      10 |  26.3
            +---------+---------+-------+---------+---------+-------
